 Dungeon Crawl Stone Soup version 0.13.0-26-gf7ffa3a (webtiles) character file.

6172841 Lilouch the Conqueror (level 27, 140/140 HPs)
             Began as a Gargoyle Fighter on Oct 22, 2013.
             Was the Champion of the Shining One.
             Escaped with the Orb
             ... and 15 runes on Oct 31, 2013!
             The game lasted 2days 03:44:21 (336746 turns).

Lilouch the Conqueror (Gargoyle Fighter)       Turns: 336746, Time: 2, 03:44:22

HP 140/140       AC 57     Str 11      XL: 27
MP  38/38        EV 13     Int 34      God: the Shining One [******]
Gold 7155        SH 51     Dex  2      Spells: 14 memorised,  2 levels left

Res.Fire  : + + .   See Invis. : .   Q - +9 eveningstar (holy)
Res.Cold  : + + .   Warding    : .   f - +8 pearl dragon armour
Life Prot.: + + +   Conserve   : .   x - +3 dwarf large shield {rC+}
Res.Poison: +       Res.Corr.  : .   N - +2 helmet {Int+3}
Res.Elec. : +       Clarity    : .   L - +0 cloak of Starlight {rElec rC+ EV+4 Stlth-}
Sust.Abil.: + .     Spirit.Shd : .   B - -1 pair of gloves of Yredelemnul's Esteem {+Rage rElec rF++ Acc+2}
Res.Mut.  : .       Stasis     : +   (boots unavailable)
Res.Rott. : +       Flight     : +   l - amulet of stasis
Saprovore : . . .                    T - ring "Xyduzuz" {SustAb +Blink MR++}
                                     y - ring "Nifeklegh" {+/*Tele +Blink MR++ Str+4}

@: non-regenerating, flying, sage [Earth Magic], glowing, very slow, uncannily
resistant to hostile enchantments, extremely unstealthy
A: large and strong wings, fangs 1, talons 3, berserk 2, blurry vision 1,
deformed body, deterioration 2, herbivore 2, -30% hp, -20% mp, life protection
1, screaming 3, electricity resistance, slowness 2, slow healing 3, slow
metabolism 1, teleportitis 3, unbreathing, evolution 1, petrification
resistance, AC +24, Str -4, Int -2, Dex -5
a: Stop Flying, Divine Shield, Cleansing Flame, Summon Divine Warrior, Renounce
Religion, Evoke Blink, Evoke Berserk Rage, Evoke Teleportation
}: 15/15 runes: barnacled, slimy, silver, golden, iron, obsidian, icy, bone,
abyssal, demonic, glowing, magical, fiery, dark, gossamer


You escaped.
You worshipped the Shining One. the Shining One was exalted by your worship.
You were full.

You visited 18 branches of the dungeon, and saw 107 of its levels.
You visited Pandemonium 23 times, and saw 111 of its levels.
You visited the Abyss 7 times.
You visited 3 bazaars.
You visited 3 Ziggurats, and saw 44 of their levels (deepest: 16).
You also visited: Labyrinth (2 times), Trove and Volcano.

You collected 28993 gold pieces.
You spent 9328 gold pieces at shops.
You used 12530 gold pieces for miscellaneous purposes.

Inventory:

Hand weapons
 k - the -1,+2 dagger "Quefosa" (quivered) {flame, *Tele rC+ rN+ SInv}
   (You found it on level 9 of the Dungeon)

   It emits flame when wielded, causing extra injury to most foes and up to
   double damage against particularly susceptible opponents.
   It protects you from cold.
   It protects you from negative energy.
   It enhances your eyesight.
   It causes teleportation.
 Q - a +9,+9 eveningstar of holy wrath (weapon)
Armour
 f - a +8 pearl dragon armour (worn)
 x - a +3 dwarven large shield of cold resistance (worn)
 B - the -1 pair of gloves of Yredelemnul's Esteem (worn) {+Rage rElec rF++ Acc+2}
   (You found it on level 7 of a ziggurat)

   It affects your accuracy (+2).
   It greatly protects you from fire.
   It insulates you from electricity.
   It lets you go berserk.
 L - the +0 cloak of Starlight (worn) {rElec rC+ EV+4 Stlth-}
   (You found it in a labyrinth)

   It affects your evasion (+4).
   It protects you from cold.
   It insulates you from electricity.
   It makes you much less stealthy.
 N - a +2 helmet of intelligence (worn)
Magical devices
 a - a wand of teleportation (6)
 g - a wand of hasting (9)
 i - a wand of hasting (9)
 n - a wand of hasting (4)
 p - a wand of heal wounds (0)
 D - a wand of digging (17)
 F - a wand of heal wounds (6)
 U - a wand of heal wounds (9)
Comestibles
 Z - 7 bread rations
Scrolls
 o - 5 scrolls of fog
 t - 4 scrolls of recharging
Jewellery
 e - the amulet of Ybuhalar {Clar rF+ rC+ MR+ Int+3}
   (You found it on level 12 of a ziggurat)

   [amulet of clarity]

   It affects your intelligence (+3).
   It protects you from fire.
   It protects you from cold.
   It affects your resistance to hostile enchantments.
 l - an amulet of stasis (around neck)
 y - the ring "Nifeklegh" (left hand) {+/*Tele +Blink MR++ Str+4}
   (You found it on level 4 of a ziggurat)

   [ring of teleportation]

   It affects your strength (+4).
   It affects your resistance to hostile enchantments.
   It lets you blink.
 T - the ring "Xyduzuz" (right hand) {SustAb +Blink MR++}
   (You found it on level 10 of a ziggurat)

   [ring of sustain abilities]

   It affects your resistance to hostile enchantments.
   It lets you blink.
Potions
 C - 4 potions of restore abilities
Orbs of Power
 b - the Orb of Zot
Miscellaneous
 s - an ornate deck of defence {Warpwright, drawn: 1}
 v - a plain deck of defence {the Tomb, drawn: 12}
 z - a plain deck of war {the Portal, drawn: 2}
 M - a plain deck of war {the Portal}
 Y - an ornate deck of escape {the Tomb, drawn: 4}
Rods
 w - a +4 rod of warding (14/14)
   (You found it on level 4 of the Realm of Zot)


   Skills:
 O Level 27 Fighting
 - Level 7.8 Short Blades
   Level 5.5 Long Blades
 O Level 27 Maces & Flails
   Level 6.0 Bows
 - Level 4.5 Throwing
 O Level 27 Armour
 O Level 27 Dodging
 O Level 27 Shields
 * Level 25.1 Spellcasting
 + Level 23.1 Conjurations
 - Level 16.5 Hexes
 - Level 17.1 Charms
 + Level 16.5 Summonings
   Level 3.5 Necromancy
 - Level 20.2 Translocations
 - Level 7.7 Transmutations
 * Level 16.5 Fire Magic
 - Level 12.6 Ice Magic
 * Level 14.7 Air Magic
 - Level 23.2 Earth Magic
 - Level 16.4 Invocations
 - Level 17.7 Evocations


You had 2 spell levels left.
You knew the following spells:

 Your Spells              Type           Power        Failure   Level  Hunger
a - Apportation           Tloc           ########..   0%          1    None
b - Swiftness             Chrm/Air       ########..   0%          2    None
c - Summon Hydra          Summ           ########..   1%          7    None
d - Dispersal             Tloc           ########..   1%          6    None
e - Freezing Cloud        Conj/Ice/Air   ########..   1%          6    None
f - Ring of Flames        Chrm/Fire      ########..   1%          7    None
g - Control Teleport      Chrm/Tloc      ########..   0%          4    None
h - Chain Lightning       Conj/Air       ########..   2%          8    None
i - Mass Confusion        Hex            ########..   1%          6    None
j - Stoneskin             Trmt/Erth      #######...   0%          2    None
k - Controlled Blink      Tloc           N/A          1%          7    None
l - Orb of Destruction    Conj           ########..   1%          7    None
n - Bolt of Magma         Conj/Fire/Erth ########..   0%          5    None
o - Deflect Missiles      Chrm/Air       ########..   1%          6    None


Dungeon Overview and Level Annotations

Branches:
Dungeon (27/27)            Temple (1/1) D:4             Orc (4/4) D:7
    Elf (3/3) Orc:4          Lair (8/8) D:12         Shoals (5/5) Lair:3
 Spider (5/5) Lair:5        Slime (6/6) Lair:6       Vaults (5/5) D:17
  Blade (1/1) Vaults:4      Crypt (5/5) Vaults:2       Tomb (3/3) Crypt:3
    Dis (7/7) Hell            Geh (7/7) Hell            Coc (7/7) Hell
    Tar (7/7) Hell            Zot (5/5) D:27

Altars:
Ashenzari
Cheibriados
Elyvilon
Fedhas
Kikubaaqudgha
Makhleb
Nemelex Xobeh
Okawaru
Sif Muna
Trog
Vehumet
Xom
Yredelemnul
Zin
the Shining One

Shops:
D:11 ?   D:13 *   D:15 (   D:23 +   Orc:4 ?==}}   Shoals:1 ?   Vaults:3 %(?+/
Vaults:5 }??%?!???

Portals:
Hell: D:21 D:22 D:23 D:24 D:25 D:26 D:27
Abyss: D:22 D:24 D:25
Pandemonium: D:24
Ziggurat: Lair:1 (7510 gp)


Innate Abilities, Weirdness & Mutations

You are resistant to torment.
You are immune to poison.
You can fly continuously.
Your stone body is very resilient (AC +20).
Your wings are large and strong.
You have very sharp teeth.
You have claws for feet.
You resist negative energy.
You are resistant to electric shocks.
You have a slow metabolism.
You can survive without breathing.
You are immune to petrification.
You are partially covered in rough black scales (AC +4, Dex -1).
You often lose your temper in combat.
Your vision is a little blurry.
You are very clumsy. (Dex -4)
Armour fits poorly on your strangely shaped body.
Your body is deteriorating.
You are dopey. (Int -2)
You digest meat very inefficiently.
You are extremely frail (-30% HP).
Your magical capacity is very low (-20% MP).
You frequently scream uncontrollably.
You cover ground very slowly.
You do not heal naturally.
Space frequently distorts in your vicinity.
You are very weak. (Str -4)
You evolve.


Message History

The Shining One accepts your kill.
The large abomination hits you but does no damage.
You puncture the large abomination!
The large abomination convulses.
You claw the large abomination.
The large abomination is moderately damaged.
You block the large abomination's attack.
You puncture the large abomination!
The large abomination convulses!
The large abomination is severely damaged.
You puncture the large abomination!
The large abomination convulses!
You destroy the large abomination!
The Shining One accepts your kill.
You hit the iron devil but do no damage.
You barely miss the iron devil. Your bite misses the iron devil.
The iron devil closely misses you. You block the iron devil's attack.
You impale the iron devil!!
The iron devil convulses!
You kill the iron devil!
The Shining One accepts your kill.
There is a staircase leading out of the dungeon here.
You can't go down here!
You have escaped!

..................#.....#.....#
....######.......###...##.....#
(..................##'##.)...##
.....)...........###.........####
##########.....).###.#..(........
#..........####..............
#.####...#....##.######......
#####.########.....#.## #......
........# #..@..).⌠# #..)...
..X.....# #.....#.## #......
........# #....##.######..####
......).# #.#####.##.........#
.####.### #.# #.##.........#
.####[########.#####..#.).......#
.........4>X.......##'##........#
.####.########.#####...##.......#
.....%# #.# #.....#.......#


There were no monsters in sight!

Vanquished Creatures
  Antaeus (Coc:7)
  Asmodeus (Geh:7)
  Cerebov (Pan)
  the royal jelly (Slime:6)
  Ignacio (Pan)
  Gloorx Vloq (Pan)
  Mnoleg (Pan)
  13 ancient liches
  Dispater (Dis:7)
  5 orbs of fire
  Lom Lobon (Pan)
  Khufu (Crypt:1)
  the Serpent of Hell (Geh:7)
  29 greater mummies
  Boris (twice) (Vaults:4 Crypt:4)
  Sojobo (Vaults:3)
  Margery (D:21)
  3 Killer Klowns
  Mara (Shoals:2)
  Mennas (D:26)
  Geryon (Hell)
  10 golden dragons
  4 curse toes
  Jory (Vaults:3)
  4 profane servitors
  26 bone dragons
  Frederick (Vaults:4)
  Nikola (Shoals:1)
  3 electric golems
  78 Brimstone Fiends
  76 Hell Sentinels
  25 liches
  The ghost of inmateoo the Executioner, a mighty MiDK of Yredelemnul (Vaults:4)
  24 tentacled monstrosities
  3 hellephants
  77 Ice Fiends
  5 titans
  107 pandemonium lords
  28 Orb Guardians
  5 deep elf blademasters
  5 deep elf master archers
  The ghost of inmateoo the Warrior, a mighty CeFi of Okawaru (Spider:5)
  2 quicksilver dragons
  4 eldritch tentacles
  13 sphinxes
  Polyphemus (Shoals:2)
  25 acid blobs
  12 storm dragons
  69 Shadow Fiends
  A kraken (Shoals:3)
  5 ancient champions
  91 Executioners
  Rupert (Vaults:3)
  Agnes (Vaults:4)
  Frances (Crypt:4)
  12 shadow dragons
  3 revenants
  5 draconian knights
  Ilsuiw (Shoals:5)
  3 draconian monks
  11 ghost moths
  14 ghouls
  11 tengu reavers
  9 deep elf sorcerers
  17 fire giants
  Donald (Blade)
  Wiglaf (Vaults:4)
  13 frost giants
  4 draconian scorchers
  Maud (D:16)
  36 tentacled starspawn
  19 azure jellies
  6 emperor scorpions
  Aizul (D:17)
  Louise (D:18)
  19 iron dragons
  5 draconian zealots
  3 curse skulls
  10 orc warlords
  11 vault wardens
  Gastronok (Lair:3)
  An angel (D:19)
  70 cacodemons
  126 reapers
  Jorgrun (D:25)
  7 draconian annihilators
  64 stone giants
  75 balrugs
  7 greater nagas
  2 draconian shifters
  17 eidola
  183 starcursed masses
  6 grey draconians
  66 blizzard demons
  10 black draconians
  7 deep elf demonologists
  4 yellow draconians
  9 vampire knights
  6 red draconians
  10 white draconians
  55 lorocyprocas
  47 green deaths
  6 green draconians
  8 purple draconians
  6 mottled draconians
  15 deep elf annihilators
  4 pale draconians (Zot:2)
  6 merfolk javelineers
  10 ettins
  3 unborn
  17 death oozes
  7 deep elf death magi
  A salamander (Geh:4)
  29 jiangshi
  31 mummy priests
  11 ironheart preservers
  2 minotaurs (Lab)
  6 merfolk impalers
  6 sirens
  A spectral kraken (Tar:7)
  36 hydras
  5 great orbs of eyes
  16 dragons
  39 yaktaur captains
  5 merfolk aquamancers
  38 vault guards
  7 death cobs
  Fannar (Lair:4)
  8 deep elf high priests
  A great orb of eyes (shapeshifter) (Vaults:4)
  Josephine (Orc:4)
  17 ice dragons
  An alligator (shapeshifter) (D:26)
  4 ravenous feature mimics
  23 dancing weapons
  Nessos (Orc:4)
  A ravenous item mimic (Vaults:5)
  3 anacondas
  7 deep dwarf death knights
  Erica (Vaults:2)
  An alligator snapping turtle (Shoals:4)
  5 deep troll earth magi
  A spectral fire giant (Crypt:4)
  11 death yaks
  3 alligators (Zig:13)
  7 plague shamblers
  2 spectral stone giants
  10 deep troll shamans
  17 ogre magi
  A spriggan skeleton (Pan)
  25 thrashing horrors
  4 orc high priests
  8 vampire magi
  30 centaur warriors
  43 wretched stars
  16 naga warriors
  11 rakshasas
  Urug (Spider:1)
  32 hell hogs
  A catoblepas (Shoals:3)
  20 very ugly things
  21 iron golems
  6 spectral elves
  30 shadow wraiths
  2 storm dragon zombies
  154 soul eaters
  2 fire crabs (Vaults:4)
  7 elves (Vaults:2)
  A fire crab (shapeshifter) (D:23)
  A spectral white draconian (Tomb:1)
  152 sun demons
  37 deep elf knights
  2 titan skeletons
  121 skeletal warriors
  4 storm dragon skeletons
  84 shadow demons
  14 unseen horrors
  30 deep trolls
  23 iron trolls
  A golden dragon zombie (D:24)
  5 spatial maelstroms
  13 giant orange brains
  2 unseen horrors (shapeshifter) (D:23)
  33 hell knights
  104 ice devils
  Erolcha (Orc:1)
  43 flayed ghosts
  381 large abominations
  3 sea snakes (shapeshifter)
  13 sea snakes
  A deep troll (shapeshifter) (D:25)
  3 death drakes
  3 lindwurms
  68 hell beasts
  6 swamp dragons
  A swamp dragon (shapeshifter) (Vaults:5)
  A hill giant (shapeshifter) (Vaults:5)
  9 wizards
  21 harpies
  3 ice statues
  25 hill giants
  8 ironbrand convokers
  16 shadow dragon zombies
  7 necromancers
  A spectral wolf spider (Crypt:4)
  A harpy (shapeshifter) (Vaults:1)
  An anaconda skeleton (Crypt:5)
  11 deathcaps
  21 giant amoebae
  33 orc knights
  A wolf spider zombie (Vaults:1)
  66 hellions
  22 shining eyes
  11 red wasps
  22 deep elf conjurers
  27 flaming corpses
  47 phantasmal warriors
  5 frost giant zombies
  17 stone giant zombies
  9 oklob plants
  A red wasp (shapeshifter) (D:13)
  22 wolf spiders
  24 iron dragon zombies
  26 moths of wrath
  25 shadow dragon skeletons
  3 fire giant zombies
  An elephant (shapeshifter) (D:17)
  8 orc sorcerers
  235 sixfirhies
  4 sphinx skeletons
  A dire elephant zombie (Crypt:1)
  25 cyclopes
  7 spiny worms
  4 elves (shapeshifter)
  11 deep elf summoners
  6 guardian serpents
  9 apocalypse crabs
  5 elephants (Lair:8)
  7 fire giant skeletons
  An eye of devastation (shapeshifter) (D:26)
  5 stone golems
  11 griffons
  30 stone giant skeletons
  10 vault sentinels
  11 black mambas
  7 iron dragon skeletons
  12 frost giant skeletons
  An elf zombie (Zig:8)
  80 yaktaurs
  2 vapours
  105 small abominations
  112 tormentors
  5 eyes of devastation
  A spectral human (Crypt:5)
  A moth of suppression (Spider:5)
  2 white draconian zombies
  25 efreet
  4 redback zombies
  A spectral redback (Crypt:4)
  382 orange demons
  13 humans (Vaults:2)
  717 hellwings
  2 pale draconian zombies
  5 iron troll zombies
  9 mermaids
  A yaktaur (shapeshifter) (Vaults:4)
  34 ancient zymes
  An emperor scorpion zombie (Crypt:2)
  665 smoke demons
  17 orb spiders
  2 grey draconian skeletons
  40 demonic crawlers
  A spectral glowing shapeshifter (Tomb:1)
  20 deep elf priests
  113 guardian mummies
  254 red devils
  A spectral harpy (Crypt:2)
  19 trolls
  A ghoul skeleton (Crypt:3)
  11 spiny frogs
  6 iron troll skeletons
  A jumping spider (shapeshifter) (D:23)
  A wind drake (shapeshifter) (D:21)
  118 blue devils
  A hydra zombie (D:16)
  8 naga magi
  21 jumping spiders
  A mottled draconian skeleton (Pan)
  5 spriggans (Lair:8)
  27 wandering mushrooms
  2 pale draconian skeletons
  5 fire drakes
  9 silent spectres
  A blink frog (shapeshifter) (Elf:3)
  2 komodo dragons
  21 death drake zombies
  A giant firefly (Lair:8)
  5 human zombies
  13 blink frogs
  Sonja (Orc:2)
  3 giant leeches (Zig:13)
  A troll (shapeshifter) (D:16)
  A yellow draconian skeleton (Crypt:1)
  2 polar bears
  A fire vortex (Pan)
  A komodo dragon (shapeshifter) (D:26)
  A spriggan (shapeshifter) (D:17)
  A red wasp zombie (Crypt:3)
  2 spectral red wasps (Crypt:4)
  A trapdoor spider zombie (Crypt:2)
  3 harpy skeletons
  A spectral tarantella (Crypt:2)
  36 two-headed ogres
  13 boulder beetles
  139 iron devils
  25 death drake skeletons
  2 stone giant simulacra
  2 moth of wrath zombies
  102 slime creatures
  2 guardian serpent zombies
  4 bog bodies (Zig:13)
  6 ettin zombies
  2 guardian serpent skeletons (Abyss:5)
  2 griffon zombies
  9 air elementals
  A hydra skeleton (D:9)
  16 snapping turtles
  4 frost giant simulacra
  55 ice dragon zombies
  2 fire giant simulacra (D:24)
  A spectral spiny worm (Crypt:4)
  A sphinx simulacrum (Zig:10)
  A wind drake zombie (Crypt:1)
  5 basilisks
  15 brown oozes
  A dragon skeleton (Zig:5)
  55 redbacks
  41 vampires
  170 flying skulls
  8 grizzly bears
  21 metal gargoyles (Dis:7)
  5 wyverns
  125 ugly things
  25 water elementals
  81 wraiths
  367 ynoxinuls
  22 trapdoor spiders
  10 ettin skeletons
  54 ice dragon skeletons
  67 yaks
  3 trapdoor spiders (shapeshifter)
  35 hungry ghosts
  74 deep elf fighters
  447 neqoxecs
  A giant firefly zombie (Crypt:5)
  2 tarantellas (shapeshifter)
  3 toenail golems
  A merfolk (shapeshifter) (Vaults:3)
  58 shadows
  43 deep elf magi
  A hill giant zombie (D:13)
  A clay golem (D:17)
  64 merfolk
  27 vampire mosquitoes
  A giant leech zombie (Crypt:1)
  2 yaks (shapeshifter)
  34 tarantellas
  9 sharks
  28 hippogriffs
  18 golden eyes
  9 molten gargoyles
  3 spiny worm zombies
  3 rock worms
  6 spatial vortices
  69 chaos spawn
  2 hill giant skeletons
  A hippogriff (shapeshifter) (D:18)
  16 manticores
  6 mottled dragons
  80 hell hounds
  A harpy simulacrum (Crypt:4)
  34 wolves
  3 porcupines
  6 deep troll zombies
  42 necrophages
  10 swamp drakes
  2 iron troll simulacra
  7 deep troll skeletons
  19 ice beasts
  A spectral grizzly bear (Crypt:4)
  4 spectral sharks (Tar:7)
  A baby alligator skeleton (Crypt:3)
  69 orc warriors
  4 sky beasts
  11 phantoms
  A soldier ant (D:17)
  56 freezing wraiths
  5 kobold demonologists (Vaults:2)
  81 ogres
  9 black bears
  15 giant goldfish
  3 yellow wasps
  2 ice dragon simulacra (Coc:5)
  2 giant firefly simulacra
  22 nagas
  A crocodile (shapeshifter) (D:26)
  2 ettin simulacra
  5 boring beetles
  138 rotting devils
  2 fire crab zombies
  7 big kobolds
  An elephant skeleton (Crypt:4)
  Sigmund (D:2)
  Duvessa (Orc:1)
  14 crocodiles
  17 giant frogs
  A giant slug (shapeshifter) (D:27)
  A yaktaur zombie (Zig:5)
  20 brain worms
  55 centaurs
  15 giant slugs
  10 insubstantial wisps
  34 water moccasins
  Blork the orc (D:6)
  2 silver statues
  2 earth elementals
  14 lava worms
  6 wargs
  5 yaktaur skeletons
  2 hell hound zombies (Pan)
  A manticore zombie (D:11)
  2 glowing shapeshifter simulacra
  6 agate snails
  22 eyes of draining
  A troll zombie (D:14)
  A deep troll simulacrum (Tomb:1)
  12 jellyfish
  2 yak zombies
  3 giant goldfish zombies
  3 boulder beetle zombies
  A spectral brain worm (Tomb:1)
  29 killer bees
  5 electric eels
  A human skeleton (Crypt:1)
  A troll skeleton (D:8)
  101 wights
  16 fire bats
  A giant goldfish skeleton (Coc:2)
  3 pulsating lumps
  28 lava snakes
  25 lava fish
  Dowan (Orc:1)
  105 crimson imps
  86 quasits
  A centaur zombie (Vaults:4)
  A giant frog zombie (D:4)
  5 goliath beetles
  26 jellies
  54 spiders
  A wolf skeleton (Crypt:1)
  13 hounds
  12 big fish
  3 giant frog skeletons
  3 giant goldfish simulacra
  34 orc priests
  A black bear skeleton (Crypt:1)
  170 iron imps
  2 basilisk skeletons
  9 iguanas
  10 scorpions
  4 spectral big fish (Tar:7)
  2 centaur skeletons
  41 orc wizards
  A two-headed ogre skeleton (D:12)
  27 orange rats
  11 worker ants
  A porcupine skeleton (Crypt:1)
  27 sheep
  3 big kobold zombies
  2 brain worm zombies (Abyss:5)
  2 tengu zombies
  3 deep dwarf zombies
  A necrophage skeleton (Zig:8)
  A deep dwarf skeleton (Abyss:5)
  A mottled dragon skeleton (Crypt:2)
  An ogre zombie (Zig:16)
  4 big kobold skeletons
  3 tengu skeletons
  12 boggarts
  2 demigod skeletons
  A hound zombie (D:5)
  74 mummies
  A naga skeleton (Crypt:2)
  An orange rat zombie (Crypt:4)
  A worker ant zombie (D:6)
  37 adders
  3 sky beast simulacra
  12 big fish zombies
  6 giant centipedes
  84 green rats
  119 lemures
  2 big fish skeletons (Coc:2)
  111 shadow imps
  A steam dragon skeleton (Crypt:4)
  4 giant mites
  A goliath beetle zombie (D:12)
  111 white imps
  10 worms
  1343 ufetubi
  A big fish simulacrum (Coc:7)
  An adder zombie (D:6)
  4 grey rats (D:8)
  An iguana skeleton (Crypt:1)
  17 giant eyeballs
  5 giant geckos
  9 oozes
  292 orcs
  A bat zombie (Crypt:2)
  34 goblins
  16 hobgoblins
  26 jackals
  13 quokkas
  A ball python skeleton (D:4)
  28 bats
  7 giant cockroaches
  4 giant newts
  A giant newt skeleton (D:4)
  3 giant spores
  A goblin skeleton (D:4)
  A goblin zombie (Zig:13)
  A hobgoblin zombie (Zig:16)
  24 illusory rakshasas
  2 jackal skeletons
  A jackal zombie (D:3)
  43 kobolds
  A kobold skeleton (D:6)
  A kobold zombie (D:4)
  A lurking horror (Abyss:1)
  3 orc simulacra (Orc:4)
  4 orc skeletons
  5 orc zombies
  2 quokka skeletons
  26 rats
  A rat skeleton (Lair:1)
  24 ballistomycetes
  11 bushes
  7 crawling corpses
  4 fungi
  72 plants
  5 starspawn tentacles
  A starspawn tentacle segment (Abyss:1)
  6 tentacles (Shoals:3)
14479 creatures vanquished.

Vanquished Creatures (collateral kills)
  Ereshkigal (Tar:7)
  A pandemonium lord (Pan)
  A bone dragon (Abyss:1)
  3 Hell Sentinels
  An Orb Guardian (Zot:5)
  5 Ice Fiends
  A deep elf blademaster (Zig:12)
  A deep elf master archer (Zig:4)
  An acid blob (Zig:14)
  A Shadow Fiend (Pan)
  3 Executioners
  A titan (Pan)
  2 ancient champions
  A ghost moth (Zig:9)
  An orc warlord (Zig:13)
  2 iron dragons (Dis:7)
  A cacodemon (Pan)
  A tentacled starspawn (Abyss:1)
  3 reapers
  A balrug (Pan)
  A greater naga (Zig:15)
  3 draconian annihilators (Pan)
  A stone giant (Zig:16)
  2 lorocyprocas (Pan)
  An eidolon (Zig:12)
  A deep elf annihilator (Zig:12)
  2 blizzard demons
  3 green deaths
  A spriggan air mage (Pan)
  A jiangshi (Tomb:1)
  A dancing weapon (Zig:15)
  2 anacondas (Zig:14)
  An ice dragon (Coc:7)
  A hydra (Zig:13)
  A spectral elf (Zig:12)
  A deep dwarf death knight (Zig:12)
  A naga warrior (Zig:15)
  2 sun demons (Pan)
  A fire crab (D:20)
  A soul eater (Coc:6)
  An iron golem (Dis:7)
  2 very ugly things (Pan)
  7 skeletal warriors
  2 shadow demons
  A ball lightning (Pan)
  2 iron trolls (Dis:7)
  A shadow wraith (Zig:12)
  4 ice devils
  A flayed ghost (Zig:10)
  2 giant orange brains (Pan)
  2 hellions (Pan)
  A giant amoeba (Zig:14)
  2 wizards (Pan)
  5 large abominations
  3 orc knights
  2 deathcaps
  2 flaming corpses
  3 wolf spiders (Zig:9)
  A fire giant zombie (Tomb:1)
  A shadow dragon skeleton (Zig:11)
  An orc sorcerer (Zig:13)
  4 iron dragon zombies (Dis:7)
  4 phantasmal warriors
  6 sixfirhies
  7 orange demons (Pan)
  A guardian serpent (Zig:15)
  A fire giant skeleton (Zig:10)
  3 tormentors
  A spiny frog (Pan)
  2 deep elf summoners (Zig:4)
  7 black mambas
  A naga mage (Zig:14)
  13 smoke demons
  A demonic crawler (Zig:9)
  An orb spider (Zig:9)
  A vapour (Lair:1)
  An efreet (Zig:11)
  A moth of suppression (Zig:9)
  10 hellwings (Pan)
  A hell beast (Pan)
  6 blue devils
  3 guardian mummies
  9 iron devils
  A death drake zombie (Zig:11)
  A giant firefly (Pan)
  4 red devils
  2 slime creatures
  A raven (Zig:13)
  An ettin zombie (Zig:11)
  3 ice dragon zombies
  3 wandering mushrooms
  2 bog bodies (Zig:13)
  4 ynoxinuls
  4 ice dragon skeletons
  2 redbacks
  5 flying skulls
  A trapdoor spider (Zig:13)
  A starcursed mass (Zig:6)
  6 chaos spawn
  A brown ooze (Zig:14)
  2 wraiths
  2 shadows
  6 vampire mosquitoes
  4 metal gargoyles (Dis:7)
  3 neqoxecs
  2 hungry ghosts
  A deep elf fighter (Zig:7)
  A wolf (Pan)
  3 orc warriors
  A small abomination (Zig:6)
  A hell hound (Zig:11)
  A necrophage (Tomb:1)
  A deep troll skeleton (Zig:11)
  An ice beast (Coc:5)
  4 freezing wraiths
  A human skeleton (Pan)
  3 nagas (Zig:15)
  An ice dragon simulacrum (Coc:5)
  2 ogres
  4 rotting devils
  10 water moccasins
  4 giant goldfish zombies
  An eye of draining (Zig:9)
  6 jellyfish
  A troll zombie (Zig:13)
  A killer bee (Zig:13)
  A giant goldfish skeleton (Coc:7)
  3 crimson imps (Pan)
  2 quasits
  A gnoll shaman (Zig:16)
  An orc priest (Zig:16)
  8 iron imps
  2 worker ants (Zig:13)
  4 orange rats
  2 ogre zombies
  7 mummies
  7 orc zombies
  7 adders
  2 big fish zombies (Coc:5)
  4 lemures
  5 shadow imps
  4 white imps
  34 ufetubi
  A worm (Zig:13)
  22 orcs
  3 goblins
  A hobgoblin (Zig:16)
  5 illusory rakshasas (Pan)
  A starspawn tentacle segment (Abyss:1)
426 creatures vanquished.

Vanquished Creatures (others)
  A bone dragon (Abyss:5)
  A Hell Sentinel (Pan)
  An Ice Fiend (Zig:11)
  An Orb Guardian (Zot:5)
  4 eldritch tentacles
  11 daevas
  A frost giant (Zig:11)
  A tentacled starspawn (Abyss:5)
  14 angels
  A draconian annihilator (D:27)
  A deep elf demonologist (Zig:12)
  A green death (Pan)
  A spriggan air mage (Pan)
  A yaktaur captain (Zig:11)
  A hydra (D:20)
  A wretched star (Abyss:5)
  A thrashing horror (Abyss:5)
  A very ugly thing (Vaults:4)
  5 holy swine (Pan)
  2 large abominations (Abyss:5)
  2 black mambas
  A deep elf knight (D:24)
  3 ball lightnings (Pan)
  A shadow demon (Tar:7)
  A swamp dragon (Zig:13)
  An ironbrand convoker (Vaults:4)
  A human (Vaults:2)
  A giant amoeba (Vaults:2)
  A flaming corpse (Abyss:5)
  3 sixfirhies (Pan)
  A guardian serpent (Zig:14)
  4 orange demons
  3 red wasps
  3 vault sentinels (Zig:11)
  A tormentor (Pan)
  2 yaktaur zombies (Zig:11)
  A smoke demon (Pan)
  6 small abominations
  3 hellwings
  A green draconian skeleton (Tomb:2)
  4 red devils
  A guardian mummy (Tomb:1)
  A deep elf priest (Elf:2)
  3 orb spiders
  A giant firefly (Pan)
  27 jumping spiders
  A polar bear (Zig:10)
  A two-headed ogre (Vaults:5)
  7 chimeras
  35 redbacks
  A vampire (Coc:7)
  A flying skull (D:24)
  A wraith (Dis:3)
  A grizzly bear (Pan)
  17 trapdoor spiders
  4 ynoxinuls (Pan)
  A deep elf mage (Zig:12)
  2 golden eyes (Abyss:1)
  2 deep elf fighters
  A hell hound (D:24)
  A swamp drake (Zig:13)
  An orc warrior (Temple)
  2 yellow wasps
  An ice beast (D:13)
  3 ogres
  A naga (Zig:14)
  A centaur (Vaults:4)
  3 boring beetles (Zig:13)
  16 lost souls
  4 rotting devils
  4 spectral elves (Zig:12)
  A giant slug (Vaults:2)
  An insubstantial wisp (Abyss:5)
  4 water moccasins
  8 killer bees
  A goliath beetle (Zig:15)
  3 crimson imps
  7 spiders
  3 quasits (Pan)
  5 iron imps
  An orc wizard (Vaults:4)
  12 worker ants
  A tengu zombie (Abyss:5)
  3 mummies
  4 lemures (Pan)
  4 shadow imps
  5 adders (Zig:15)
  2 white imps
  41 ufetubi
  A worm (Zig:14)
  A sheep skeleton (Crypt:4)
  3 orcs
  2 giant spores
  An illusory rakshasa (Pan)
  7 lurking horrors
  3 ballistomycetes (Abyss:5)
  2 crawling corpses
  350 eldritch tentacle segments
  3 fungi
  10 plants
  80 starspawn tentacles
  443 starspawn tentacle segments
  52 tentacles
  1426 tentacle segments
2730 creatures vanquished.

Grand Total: 17635 creatures vanquished

Notes
Turn   | Place    | Note
--------------------------------------------------------------
     0 | D:1      | Lilouch, the Gargoyle Fighter, began the quest for the Orb.
     0 | D:1      | Reached XP level 1. HP: 14/14 MP: 0/0
    45 | D:1      | Reached XP level 2. HP: 13/19 MP: 1/1
   299 | D:1      | Reached XP level 3. HP: 24/24 MP: 2/2
   636 | D:2      | Noticed Sigmund
   650 | D:2      | Killed Sigmund
   650 | D:2      | Reached skill level 4 in Maces & Flails
   650 | D:2      | Reached XP level 4. HP: 28/28 MP: 3/3
   650 | D:2      | Reached XP level 5. HP: 33/33 MP: 4/4
  1475 | D:3      | Reached skill level 5 in Maces & Flails
  1500 | D:3      | Reached XP level 6. HP: 34/38 MP: 5/5
  2049 | D:4      | Reached skill level 5 in Armour
  2068 | D:4      | Reached skill level 6 in Maces & Flails
  2068 | D:4      | Reached skill level 5 in Shields
  2068 | D:4      | Reached XP level 7. HP: 42/42 MP: 6/6
  2236 | D:4      | Found a staircase to the Ecumenical Temple.
  2243 | Temple   | Entered the Ecumenical Temple
  2252 | Temple   | Became a worshipper of Warmaster Okawaru
  2595 | D:5      | Entered Level 5 of the Dungeon
  2710 | D:5      | Found a bloodstained altar of Trog.
  2854 | D:5      | Got a polished chain mail
  2870 | D:5      | Identified the +6 chain mail of the Shining Light {+Rage Stlth+} (You found it on level 5 of the Dungeon)
  3110 | D:5      | Reached skill level 7 in Maces & Flails
  3110 | D:5      | Reached skill level 1 in Evocations
  3148 | D:6      | Acquired Okawaru's first power
  3148 | D:6      | Reached XP level 8. HP: 45/48 MP: 9/9
  3238 | D:6      | Noticed Blork the orc
  3250 | D:6      | Killed Blork the orc
  3297 | D:6      | Reached skill level 8 in Maces & Flails
  3527 | D:6      | Reached XP level 9. HP: 45/52 MP: 12/14
  3568 | D:6      | Got a thick robe
  3577 | D:6      | Found a deep blue altar of Sif Muna.
  3746 | D:7      | Reached skill level 5 in Evocations
  4176 | D:7      | Reached skill level 9 in Maces & Flails
  4176 | D:7      | Reached skill level 1 in Invocations
  4222 | D:7      | You fall through a shaft!
  4685 | D:7      | Found a staircase to the Orcish Mines.
  5025 | D:7      | You fall through a shaft!
  5565 | D:8      | Found a radiant altar of Vehumet.
  5579 | D:8      | Reached skill level 10 in Maces & Flails
  5579 | D:8      | Reached XP level 10. HP: 55/57 MP: 19/19
  5936 | D:9      | Paralysed by a giant eyeball for 2 turns
  5945 | D:9      | Paralysed by a giant eyeball for 3 turns
  5960 | D:9      | Paralysed by a giant eyeball for 4 turns
  6121 | D:9      | Got a faintly glowing dagger
  6245 | D:9      | Acquired Okawaru's second power
  6365 | D:9      | Paralysed by a giant eyeball for 4 turns
  6373 | D:9      | Paralysed by a giant eyeball for 2 turns
  6525 | D:10     | Entered Level 10 of the Dungeon
  7225 | D:10     | Reached skill level 11 in Maces & Flails
  7426 | D:11     | Received a gift from Okawaru
  7473 | D:11     | Reached XP level 11. HP: 43/61 MP: 22/22
  7582 | D:11     | Noticed a hill giant
  7594 | D:11     | Killed a hill giant
  7594 | D:11     | Reached skill level 5 in Invocations
  7652 | D:11     | Identified the cursed dagger "Quefosa" {flame, *Tele rC+ rN+ SInv} (You found it on level 9 of the Dungeon)
  7695 | D:11     | Found Caujiang's Magic Scroll Shop.
  7780 | D:11     | Bought a scroll of teleportation for 39 gold pieces
  7780 | D:11     | Bought a scroll of identify for 26 gold pieces
  7780 | D:11     | Bought a scroll of blinking for 71 gold pieces
  7780 | D:11     | Bought a scroll of enchant armour for 71 gold pieces
  8071 | D:11     | Learned a level 1 spell: Apportation
  8074 | D:11     | Learned a level 2 spell: Swiftness
  8102 | D:11     | Identified the +1 robe of the Barnacle {Str-3 Dex+2 Curse} (You found it on level 6 of the Dungeon)
  8411 | D:12     | Found a labyrinth entrance.
  8424 | D:12     | Reached skill level 12 in Maces & Flails
  8442 | Lab      | Entered a labyrinth
 10191 | Lab      | Noticed a minotaur
 10198 | Lab      | Killed a minotaur
 10308 | Lab      | Got a pair of pitted boots
 10311 | Lab      | Identified the +1 pair of boots "Smanaeloxt" {Str+3 Int+4} (You found it in a labyrinth)
 10319 | Lab      | Got a pair of smoking boots
 10322 | Lab      | Identified the cursed -1 pair of boots of Stuifol {rElec MR++ Stlth+} (You found it in a labyrinth)
 10357 | Lab      | Got a pitted flail
 10358 | Lab      | Identified the flail "Siunwimm" {pain, rPois rC+ Str+3} (You found it in a labyrinth)
 10425 | D:12     | HP: 2/61 [orc priest/divine providence (15)]
 10664 | D:13     | Received a gift from Okawaru
 10664 | D:13     | Reached skill level 10 in Evocations
 10786 | D:12     | Noticed a hill giant
 10798 | D:12     | Killed a hill giant
 10894 | D:12     | Found a staircase to the Lair.
 10930 | Lair:1   | Entered Level 1 of the Lair of Beasts
 11005 | Lair:1   | Noticed a seven-headed hydra
 11147 | Lair:1   | Killed a seven-headed hydra
 11147 | Lair:1   | Reached skill level 10 in Armour
 11147 | Lair:1   | Reached XP level 12. HP: 66/66 MP: 22/25
 12618 | D:12     | Reached skill level 5 in Fighting
 13491 | D:13     | Found Oleom's Demolitions Depot.
 14235 | D:14     | Entered Level 14 of the Dungeon
 14257 | D:14     | Reached XP level 13. HP: 75/75 MP: 27/27
 14778 | D:14     | Noticed a six-headed hydra
 14787 | D:14     | Killed a six-headed hydra
 14798 | D:14     | Received a gift from Okawaru
 15138 | D:14     | Found a glowing golden altar of the Shining One.
 15227 | D:15     | Entered Level 15 of the Dungeon
 15343 | D:15     | Got a steaming buckler
 15379 | D:15     | Found Sturuf's Antique Weapon Shoppe.
 15478 | D:15     | Noticed an angel
 15520 | D:15     | Gained mutation: You are resistant to hostile enchantments. [mutagenic meat]
 15521 | D:15     | Gained mutation: You are frail (-10% HP). [mutagenic meat]
 15522 | D:15     | Gained mutation: You have a pair of small horns on your head. [mutagenic meat]
 15523 | D:15     | Gained mutation: Your wings are large and strong. [mutagenic meat]
 15532 | D:15     | Found a white marble altar of Elyvilon.
 15975 | D:15     | Reached skill level 10 in Invocations
 16661 | D:16     | Received a gift from Okawaru
 16776 | D:16     | Noticed Maud
 16779 | D:16     | Found a portal to a secret trove of treasure.
 16797 | D:16     | Killed Maud
 17117 | Lair:1   | Identified the +1 buckler of Dawn {rElec rC+ MR++ SInv} (You found it on level 15 of the Dungeon)
 17524 | Lair:2   | Reached XP level 14. HP: 75/75 MP: 29/29
 18270 | Lair:3   | Found a staircase to the Shoals.
 18417 | Lair:3   | Noticed Gastronok
 18448 | Lair:3   | Killed Gastronok
 18473 | Lair:3   | Found a blossoming altar of Fedhas.
 19617 | Lair:4   | Noticed Fannar
 19628 | Lair:4   | Killed Fannar
 19628 | Lair:4   | Reached skill level 13 in Evocations
 20330 | Lair:4   | Got a heavy robe
 20643 | Lair:5   | Found a hole to the Spider Nest.
 21212 | Spider:1 | Entered Level 1 of the Spider Nest
 21604 | Spider:1 | Noticed Urug
 21622 | Spider:1 | Killed Urug
 22218 | Lair:6   | Found a staircase to the Slime Pits.
 22426 | Lair:6   | Received a gift from Okawaru
 23205 | Lair:7   | Received a gift from Okawaru
 23499 | Lair:7   | Found a dark tunnel.
 23525 | Volcano  | Entered a volcano
 24227 | Lair:1   | Identified the +1 robe "Bromej" {+Blink +Rage rElec rF+ rN+ Stlth+} (You found it on level 4 of the Lair of Beasts)
 24661 | Lair:8   | Entered Level 8 of the Lair of Beasts
 24855 | Lair:8   | Reached XP level 15. HP: 81/81 MP: 30/30
 25333 | Lair:8   | Received a gift from Okawaru
 25336 | Lair:8   | Got a brightly glowing scale mail {god gift}
 25355 | Lair:8   | Reached skill level 14 in Evocations
 25627 | Lair:8   | Reached skill level 10 in Fighting
 26517 | Lair:1   | Identified a scroll of acquirement
 26546 | Lair:1   | Identified the +5 scale mail of Temperance {MR++ SInv} (Okawaru gifted it to you on level 8 of the Lair of Beasts)
 26921 | D:16     | Gained mutation: You passively map a small area around you. [mutagenic meat]
 26923 | D:16     | Gained mutation: You are very frail (-20% HP). [mutagenic meat]
 26925 | D:16     | Gained mutation: You tend to lose your temper in combat. [mutagenic meat]
 27939 | D:17     | Received a gift from Okawaru
 28066 | D:17     | Found a staircase to the Vaults.
 28751 | D:18     | Reached skill level 10 in Shields
 28783 | D:18     | Noticed Aizul
 29115 | D:17     | Killed Aizul
 29215 | D:18     | Noticed Louise
 29268 | D:17     | Received a gift from Okawaru
 29278 | D:17     | Reached skill level 15 in Evocations
 29695 | D:18     | Killed Louise
 29695 | D:18     | Reached XP level 16. HP: 77/77 MP: 27/32
 30987 | D:19     | Found a shimmering altar of Xom.
 30988 | D:19     | Found a shimmering altar of Xom.
 30989 | D:19     | Found a shimmering altar of Xom.
 30989 | D:19     | Found a shimmering altar of Xom.
 32137 | D:19     | Found a shimmering altar of Xom.
 32834 | D:19     | Found a glowing silver altar of Zin.
 32866 | D:20     | Entered Level 20 of the Dungeon
 33552 | Orc:1    | Entered Level 1 of the Orcish Mines
 33558 | Orc:1    | Noticed Duvessa
 33571 | Orc:1    | Killed Duvessa
 33573 | Orc:1    | Noticed Dowan
 33582 | Orc:1    | Killed Dowan
 33865 | Orc:1    | Noticed Erolcha
 33877 | Orc:1    | Killed Erolcha
 35136 | Orc:3    | Noticed Sonja
 35176 | Orc:2    | Killed Sonja
 36938 | D:11     | Bought a scroll of identify for 26 gold pieces
 36942 | D:11     | Bought a scroll of silence for 97 gold pieces
 36942 | D:11     | Bought a scroll of fog for 26 gold pieces
 37219 | Orc:4    | Entered Level 4 of the Orcish Mines
 37219 | Orc:4    | Noticed Josephine
 37325 | Orc:4    | Killed Josephine
 37350 | Orc:4    | Noticed Nessos
 37538 | Orc:4    | Killed Nessos
 37609 | Orc:4    | Found Giph's Gadget Shoppe.
 37646 | Orc:4    | Found Zaafaw's Jewellery Shop.
 37748 | Orc:4    | Reached skill level 15 in Invocations
 38106 | Orc:4    | Found Adoyshio's Gadget Boutique.
 38109 | Orc:4    | Found Gheluirph's Jewellery Shoppe.
 38110 | Orc:4    | Bought the ring of Vioxo {+Blink rF++ MR Dex+2} for 840 gold pieces
 38134 | Orc:4    | Found Waukoz's Magic Scroll Boutique.
 38148 | Orc:4    | Received a gift from Okawaru
 38225 | Orc:4    | Bought a scroll of identify for 32 gold pieces
 38225 | Orc:4    | Bought a scroll of blinking for 88 gold pieces
 38225 | Orc:4    | Bought a scroll of blinking for 88 gold pieces
 38225 | Orc:4    | Bought a scroll of teleportation for 48 gold pieces
 38225 | Orc:4    | Bought a scroll of identify for 32 gold pieces
 38225 | Orc:4    | Bought a scroll of identify for 32 gold pieces
 38225 | Orc:4    | Bought a scroll of identify for 32 gold pieces
 38230 | Orc:4    | Found a staircase to the Elven Halls.
 38844 | Elf:1    | Entered Level 1 of the Elven Halls
 40656 | Elf:2    | Reached XP level 17. HP: 83/83 MP: 33/33
 41718 | Elf:2    | Found a flickering gateway to a bazaar.
 41730 | Bazaar   | Entered a bazaar
 41730 | Bazaar   | Found Koesm's Assorted Antiques.
 41730 | Bazaar   | Found Irelap's Jewellery Shoppe.
 41730 | Bazaar   | Found Raiterer's Assorted Antiques.
 41731 | Bazaar   | Found Jeattoy's Distillery.
 41743 | Bazaar   | Bought a worn glass wand for 800 gold pieces
 41748 | Bazaar   | Bought a potion of speed for 77 gold pieces
 41748 | Bazaar   | Bought a potion of berserk rage for 42 gold pieces
 41748 | Bazaar   | Bought a potion of curing for 28 gold pieces
 41748 | Bazaar   | Bought a potion of curing for 28 gold pieces
 41752 | Bazaar   | Bought a scroll of fog for 58 gold pieces
 42649 | Elf:3    | Entered Level 3 of the Elven Halls
 42847 | Elf:3    | Noticed a deep elf blademaster
 42914 | Elf:2    | Killed a deep elf blademaster
 44453 | Shoals:1 | Entered Level 1 of the Shoals
 44929 | Shoals:1 | Found Gaapt's Magic Scroll Shop.
 44960 | Shoals:1 | Bought a scroll of identify for 34 gold pieces
 44960 | Shoals:1 | Bought a scroll of teleportation for 51 gold pieces
 44960 | Shoals:1 | Bought a scroll of identify for 34 gold pieces
 44960 | Shoals:1 | Bought a scroll of recharging for 93 gold pieces
 45495 | Shoals:1 | Noticed Nikola
 45534 | Shoals:1 | Killed Nikola
 45534 | Shoals:1 | Received a gift from Okawaru
 47748 | Shoals:3 | Noticed Mara
 47768 | Shoals:3 | Noticed Mara
 47768 | Shoals:3 | Noticed Mara
 47785 | Shoals:3 | Noticed Polyphemus
 48139 | Shoals:3 | Noticed Lilouch's illusion
 48140 | Shoals:3 | Noticed Mara
 48140 | Shoals:3 | Noticed Mara
 48151 | Shoals:2 | Killed Polyphemus
 48464 | Shoals:2 | Noticed Lilouch's illusion
 48469 | Shoals:2 | Noticed Mara
 48469 | Shoals:2 | Noticed Mara
 48481 | Shoals:2 | Killed Mara
 48481 | Shoals:2 | Received a gift from Okawaru
 48481 | Shoals:2 | Reached XP level 18. HP: 79/90 MP: 29/34
 51038 | Vaults:1 | Entered Level 1 of the Vaults
 51190 | Vaults:1 | Lost mutation: You are resistant to hostile enchantments. [mutagenic meat]
 51193 | Vaults:1 | Gained mutation: You have a pair of horns on your head. [mutagenic meat]
 51194 | Vaults:1 | Gained mutation: Your vision is a little blurry. [mutagenic meat]
 51195 | Vaults:1 | Lost mutation: You tend to lose your temper in combat. [mutagenic meat]
 51196 | Vaults:1 | Gained mutation: You are weak. (Str -2) [mutagenic meat]
 51641 | Vaults:1 | Lost mutation: You are very frail (-20% HP). [mutagenic glow]
 52942 | Vaults:1 | Gained mutation: You are partially covered in molten scales (AC +1). [mutagenic meat]
 52943 | Vaults:1 | Gained mutation: You are surrounded by a mild repulsion field (EV +2). [mutagenic meat]
 53298 | Vaults:1 | Got a transparent robe
 53581 | Vaults:1 | Reached skill level 15 in Fighting
 53814 | Vaults:1 | Reached skill level 15 in Shields
 54103 | Vaults:2 | Found a staircase to the Crypt.
 54136 | Vaults:2 | Received a gift from Okawaru
 54509 | Vaults:2 | Reached XP level 19. HP: 95/109 MP: 34/34
 54598 | Vaults:2 | Noticed Erica
 54654 | Vaults:2 | Killed Erica
 55143 | Vaults:2 | Reached skill level 16 in Fighting
 56191 | Lair:1   | Identified the +0 robe "Penufus" {rPois rC+ Dex+3 Int+2} (You took it off a yaktaur on level 1 of the Vaults)
 56802 | Vaults:2 | Got a shimmering morningstar
 57507 | Vaults:2 | Lost mutation: You are frail (-10% HP). [mutagenic meat]
 57508 | Vaults:2 | Gained mutation: You are agile. (Dex +2) [mutagenic meat]
 57509 | Vaults:2 | Lost mutation: You are weak. (Str -2) [mutagenic meat]
 57510 | Vaults:2 | Lost mutation: You are partially covered in molten scales (AC +1). [mutagenic meat]
 57664 | Vaults:3 | Found Sicur's Magical Wand Shop.
 57672 | Vaults:3 | Received a gift from Okawaru
 57675 | Vaults:3 | Got a pair of steaming boots {god gift}
 57679 | Vaults:3 | Bought a wand of heal wounds (3) for 714 gold pieces
 58053 | Lair:1   | Identified the +2 pair of boots "Elirave" {+Blink Dam+2 SInv} (Okawaru gifted it to you on level 3 of the Vaults)
 58053 | Lair:1   | Identified the morningstar "Struh Rull" {flame, rF+ Str+4 Dex+3} (You found it on level 2 of the Vaults)
 58452 | Vaults:3 | Found Kla Niaph's Food Shop.
 58464 | Vaults:3 | Noticed Rupert
 58482 | Vaults:3 | Killed Rupert
 58679 | Vaults:3 | Reached skill level 17 in Fighting
 58763 | Vaults:3 | Found Lioril's Weapon Emporium.
 58769 | Vaults:3 | Found Rohumm's Magic Scroll Shop.
 58780 | Vaults:3 | Bought a scroll of teleportation for 45 gold pieces
 58780 | Vaults:3 | Bought a scroll of identify for 30 gold pieces
 59447 | Vaults:3 | Noticed Sojobo
 59450 | Vaults:3 | Reached XP level 20. HP: 124/132 MP: 35/35
 59614 | Vaults:3 | Noticed Jory
 60756 | Elf:3    | Noticed a deep elf master archer
 60770 | Elf:3    | Killed a deep elf master archer
 60885 | Elf:3    | Noticed a deep elf master archer
 60891 | Elf:3    | Killed a deep elf master archer
 61668 | Elf:3    | Noticed a deep elf master archer
 61686 | Elf:3    | Killed a deep elf master archer
 61904 | Elf:3    | Noticed a deep elf blademaster
 61919 | Elf:3    | Killed a deep elf blademaster
 62043 | Elf:3    | Reached skill level 18 in Fighting
 62052 | Elf:3    | Got a blackened leather armour
 62059 | Elf:3    | Got a brightly glowing chain mail
 62061 | Elf:3    | Identified the Guide on Battle Magic and the Birds
 62129 | Elf:3    | Got a crude sling
 62132 | Elf:3    | Got an ancient copper ring
 62145 | Elf:3    | Identified a +9 rod of destruction (12/12) (You found it on level 3 of the Elven Halls)
 62154 | Elf:3    | Got a warped glaive
 62283 | Elf:3    | Received a gift from Okawaru
 62297 | Elf:3    | Got a brightly glowing chain mail {god gift}
 62629 | Lair:1   | Identified the ring of Liberalism {-Tele rPois Acc+2} (You found it on level 3 of the Elven Halls)
 63067 | Elf:3    | Got a pitted falchion
 63082 | Elf:3    | Got a fine demon blade
 63087 | Elf:3    | Identified the Volume of Torrid Confrontation (You found it on level 3 of the Elven Halls)
 63102 | Elf:3    | Identified the Compendium of Cloudy Talismans (You found it on level 3 of the Elven Halls)
 63105 | Elf:3    | Got a sparkling glass ring
 63107 | Elf:3    | Got a twitching crystal amulet
 63111 | Elf:3    | Got a brightly glowing short sword
 63124 | Elf:3    | Learned a level 2 spell: Blink
 64131 | Lair:1   | Identified the cursed ring of Fyibloe {+Fly EV-4 Acc+5} (You found it on level 3 of the Elven Halls)
 64132 | Lair:1   | Identified the amulet "Croyll Akliu" {rCorr rPois} (You found it on level 3 of the Elven Halls)
 64269 | Shoals:2 | Reached skill level 15 in Maces & Flails
 66996 | Shoals:5 | Entered Level 5 of the Shoals
 67030 | Shoals:5 | Noticed Ilsuiw
 67049 | Shoals:5 | Killed Ilsuiw
 67509 | Shoals:5 | Reached skill level 19 in Fighting
 67669 | Shoals:5 | Reached XP level 21. HP: 77/142 MP: 36/36
 67714 | Shoals:5 | Got a barnacled rune of Zot
 68279 | Lair:1   | Identified the -5 chain mail "Iblysm" {rElec rF+ MR++ Acc-3} (Okawaru gifted it to you on level 3 of the Elven Halls)
 68320 | Lair:1   | Identified the +0 chain mail "Xusoock" {Acc+3 Stlth+} (You found it on level 3 of the Elven Halls)
 69728 | Vaults:3 | Killed Jory
 70200 | Vaults:3 | Found Plaakhlaa's Book Shop.
 70633 | Vaults:4 | Noticed inmateoo's ghost (mighty MiDK)
 70641 | Vaults:4 | Killed inmateoo's ghost
 70843 | Vaults:4 | Noticed Wiglaf
 70868 | Vaults:4 | Killed Wiglaf
 71044 | Vaults:4 | Noticed Boris
 71048 | Vaults:4 | Noticed Agnes
 71051 | Vaults:4 | Killed Agnes
 71051 | Vaults:4 | Reached skill level 20 in Fighting
 71070 | Vaults:4 | Killed Boris
 71137 | Vaults:4 | Gained mutation: You can translocate small distances at will. [mutagenic meat]
 71138 | Vaults:4 | Lost mutation: Your vision is a little blurry. [mutagenic meat]
 71139 | Vaults:4 | Gained mutation: Your body is slowly deteriorating. [mutagenic meat]
 71322 | Vaults:4 | Noticed Frederick
 71329 | Vaults:4 | Killed Frederick
 71998 | Vaults:4 | Found Shrofrir's Distillery.
 72031 | Vaults:4 | Shrofrir's Distillery was a mimic.
 72104 | Vaults:4 | Received a gift from Okawaru
 72170 | Vaults:4 | Found a staircase to the Hall of Blades.
 72339 | Blade    | Entered the Hall of Blades
 72397 | Blade    | Cast into the Abyss (glaive of distortion)
 72672 | Abyss:1  | Reached skill level 21 in Fighting
 73119 | Abyss:1  | Gained mutation: Your magical capacity is low (-10% MP). [a neqoxec]
 73120 | Abyss:1  | Gained mutation: You are weak. (Str -2) [a neqoxec]
 73168 | Abyss:1  | Got a slimy buckler
 73195 | Abyss:1  | Reached XP level 22. HP: 148/153 MP: 32/32
 73221 | Blade    | Escaped the Abyss
 73254 | Blade    | Noticed Donald
 73266 | Blade    | Killed Donald
 73620 | Lair:1   | Identified the cursed +0 buckler of the Thirteen Ships {Dex+5 Int+5} (You found it on level 1 of the Abyss)
 73948 | Orc:4    | Bought an uncursed amulet of the gourmand for 420 gold pieces
 74498 | Blade    | Reached skill level 15 in Armour
 75458 | D:20     | Received a gift from Okawaru
 75743 | D:20     | Gained mutation: You are frail (-10% HP). [mutagenic glow]
 75964 | D:20     | Noticed a golden dragon
 76048 | D:20     | Killed a golden dragon
 76151 | D:20     | Got a warped quarterstaff
 76200 | D:20     | Identified Vutun's Volume of Boosts and the Birds (You found it on level 20 of the Dungeon)
 76432 | D:21     | Found a gateway to Hell.
 77917 | D:21     | Reached skill level 22 in Fighting
 77935 | D:21     | Gained mutation: You tend to lose your temper in combat. [mutagenic meat]
 78450 | D:21     | Noticed Margery
 78663 | D:21     | Killed Margery
 79436 | D:22     | Found a one-way gate to the infinite horrors of the Abyss.
 79470 | D:22     | Gained mutation: You digest meat inefficiently. [mutagenic meat]
 79472 | D:22     | Gained mutation: You are surrounded by a moderate repulsion field (EV +3). [mutagenic meat]
 79473 | D:22     | Lost mutation: Your magical capacity is low (-10% MP). [mutagenic meat]
 79722 | D:23     | Found Shroqoy's Book Shop.
 79809 | D:23     | Gained mutation: You heal slowly. [mutagenic meat]
 79810 | D:23     | Lost mutation: You tend to lose your temper in combat. [mutagenic meat]
 79811 | D:23     | Lost mutation: You have a pair of horns on your head. [mutagenic meat]
 79812 | D:23     | Lost mutation: You are agile. (Dex +2) [mutagenic meat]
 81211 | D:23     | Found a white marble altar of Elyvilon.
 81539 | D:24     | Reached XP level 23. HP: 116/145 MP: 37/37
 81564 | D:24     | Found a bloodstained altar of Trog.
 81609 | D:24     | Found a one-way gate leading to the halls of Pandemonium.
 81645 | D:24     | Got a slimy chain mail
 81913 | D:24     | Received a gift from Okawaru
 82063 | D:24     | Found a sparkling altar of Nemelex Xobeh.
 82694 | D:24     | Reached skill level 23 in Fighting
 83411 | Lair:1   | Identified the +3 chain mail of Beogh's Scorn {rN+} (You found it on level 24 of the Dungeon)
 83459 | Lair:1   | Identified a +2 rod of inaccuracy (9/9) (You took it off a deep elf conjurer on level 24 of the Dungeon)
 83812 | Vaults:3 | Killed Sojobo
 83812 | Vaults:3 | Received a gift from Okawaru
 83899 | Vaults:5 | Entered Level 5 of the Vaults
 86079 | Vaults:4 | Received a gift from Okawaru
 86093 | Vaults:4 | Got a twisted ring mail {god gift}
 86842 | Vaults:5 | Reached XP level 24. HP: 154/154 MP: 37/37
 86925 | Vaults:5 | Reached skill level 24 in Fighting
 87400 | Vaults:5 | Found Vaygonoc's Gadget Boutique.
 87483 | Vaults:5 | Gained mutation: You are good at translocating small distances at will. [mutagenic meat]
 88050 | Vaults:4 | Received a gift from Okawaru
 88058 | Vaults:4 | Got a dazzling large shield {god gift}
 88327 | Lair:1   | Identified the -7 large shield of Lilouch's Honour {Dex+4 Stlth} (Okawaru gifted it to you on level 4 of the Vaults)
 88413 | Lair:1   | Identified the -1 ring mail "Noufaeca" {rF+ rN+ Int+4 Acc+4} (Okawaru gifted it to you on level 4 of the Vaults)
 88908 | Vaults:5 | Found Neakaan's Magic Scroll Shoppe.
 88918 | Vaults:5 | Found Gauchar's Magic Scroll Emporium.
 88920 | Vaults:5 | Got a silver rune of Zot
 88928 | Vaults:5 | Bought a scroll of recharging for 82 gold pieces
 88990 | Vaults:5 | Found Siapsuti's Magic Scroll Shoppe.
 89002 | Vaults:5 | Found Breyton's Food Boutique.
 89002 | Vaults:5 | Found Wuodou's Magic Scroll Shoppe.
 89011 | Vaults:5 | Found Psithaigh's Distillery.
 89021 | Vaults:5 | Found Odun's Magic Scroll Shop.
 89025 | Vaults:5 | Bought a scroll of magic mapping for 59 gold pieces
 89065 | Vaults:5 | Found Psotun's Magic Scroll Emporium.
 89069 | Vaults:5 | Bought a scroll of recharging for 71 gold pieces
 89469 | Vaults:5 | Gained mutation: You have a pair of horns on your head. [mutagenic meat]
 89474 | Vaults:5 | Identified Margery's Tome of Igneous Combat Magic
 89514 | Vaults:5 | Identified Psuref's Compendium of Shape Shifting
 89614 | Vaults:5 | Bought 2 potions of curing for 72 gold pieces
 89614 | Vaults:5 | Bought a potion of curing for 36 gold pieces
 89614 | Vaults:5 | Bought a potion of curing for 36 gold pieces
 89614 | Vaults:5 | Bought a potion of curing for 36 gold pieces
 90060 | Trove    | Entered a treasure trove
 90543 | D:19     | Lost mutation: You digest meat inefficiently. [mutagenic meat]
 90544 | D:19     | Lost mutation: Your body is slowly deteriorating. [mutagenic meat]
 90547 | D:19     | Lost mutation: You have a pair of horns on your head. [mutagenic meat]
 92565 | Spider:3 | Upgraded the game from 0.13.0-18-g7b03ea5 to 0.13.0-19-g8e0b589
 93998 | Spider:5 | Entered Level 5 of the Spider Nest
 94092 | Spider:5 | Noticed inmateoo's ghost (mighty CeFi)
 94117 | Spider:5 | Killed inmateoo's ghost
 94144 | Spider:5 | Reached skill level 25 in Fighting
 94523 | Spider:5 | Received a gift from Okawaru
 94526 | Spider:5 | Got an ancient large shield {god gift}
 95078 | Spider:5 | Reached XP level 25. HP: 158/163 MP: 0/38
 95140 | Spider:5 | Got a gossamer rune of Zot
 95492 | Lair:1   | Identified the +0 large shield of an ossuary {Dex+3 Int-3} (Okawaru gifted it to you on level 5 of the Spider Nest)
 95715 | Slime:1  | Entered Level 1 of the Pits of Slime
 95889 | Slime:1  | Gained mutation: Armour fits poorly on your strangely shaped body. [a shining eye]
 95892 | Slime:1  | Gained mutation: Your vision is a little blurry. [a shining eye]
 95895 | Slime:1  | Gained mutation: You are very frail (-20% HP). [a shining eye]
 96104 | Lair:1   | Lost mutation: You are very frail (-20% HP). [potion of cure mutation]
 96104 | Lair:1   | Lost mutation: You are frail (-10% HP). [potion of cure mutation]
 96104 | Lair:1   | Lost mutation: Armour fits poorly on your strangely shaped body. [potion of cure mutation]
 96104 | Lair:1   | Lost mutation: You are good at translocating small distances at will. [potion of cure mutation]
 96104 | Lair:1   | Lost mutation: You passively map a small area around you. [potion of cure mutation]
 96610 | D:24     | Got a warped ring mail
 96629 | D:24     | Got a pair of slimy boots
 96792 | D:24     | Found a deep blue altar of Sif Muna.
 97205 | Lair:1   | Identified the +4 ring mail of the Vaults {rF+} (You found it on level 24 of the Dungeon)
 97217 | Lair:1   | Identified a +1 pair of dwarven boots of running (You found it on level 24 of the Dungeon)
 97223 | Lair:1   | Identified the +0 pair of boots of Defence {Dex+2 Int-3} (You found it on level 24 of the Dungeon)
 97979 | D:24     | Found a shimmering altar of Xom.
 98563 | D:25     | Entered Level 25 of the Dungeon
 98563 | D:25     | Noticed Jorgrun
 98580 | D:25     | Killed Jorgrun
 98707 | D:25     | Lost mutation: Your vision is a little blurry. [mutagenic meat]
 98708 | D:25     | Lost mutation: You have a pair of small horns on your head. [mutagenic meat]
 98898 | D:25     | Received a gift from Okawaru
100733 | D:26     | Noticed Mennas
100776 | D:26     | Killed Mennas
100776 | D:26     | Reached skill level 26 in Fighting
101943 | D:26     | Gained mutation: You have a pair of small horns on your head. [mutagenic meat]
101944 | D:26     | Gained mutation: You are somewhat resistant to further mutation. [mutagenic meat]
104124 | Slime:2  | Gained mutation: You are frail (-10% HP). [a shining eye]
104125 | Slime:2  | Gained mutation: You are clumsy. (Dex -2) [a shining eye]
104441 | Slime:2  | Reached XP level 26. HP: 150/172 MP: 38/38
104546 | Slime:3  | Received a gift from Okawaru
105650 | Slime:4  | Paralysed by a giant eyeball for 3 turns
105957 | Slime:6  | Entered Level 6 of the Pits of Slime
106009 | Slime:6  | Noticed the royal jelly
106230 | Slime:6  | Paralysed by a giant eyeball for 3 turns
106241 | Slime:6  | Paralysed by a giant eyeball for 3 turns
106257 | Slime:6  | Killed the royal jelly
106751 | Slime:5  | Gained mutation: Armour fits poorly on your strangely shaped body. [a shining eye]
106884 | Slime:6  | Gained mutation: You are very clumsy. (Dex -4) [a shining eye]
107101 | Slime:6  | Got a twitching brass ring
107755 | Slime:6  | Identified Alyegekh's Volume of the Escort
107772 | Slime:6  | Got a slimy rune of Zot
108857 | Lair:1   | Identified the cursed ring "Ozxamee" {-Cast Acc-3 Dam-3} (You found it on level 6 of the Pits of Slime)
109277 | D:27     | Entered Level 27 of the Dungeon
109282 | D:27     | Found a flickering gateway to a bazaar.
109296 | Bazaar   | Entered a bazaar
109314 | Bazaar   | Found Cilewne's Magic Scroll Shoppe.
109338 | Bazaar   | Found Ijoihos' Armour Shoppe.
109359 | Bazaar   | Found Otar's Jewellery Shoppe.
109359 | Bazaar   | Found Uchiefie's Jewellery Emporium.
109381 | Bazaar   | Found Yreoqus' Jewellery Emporium.
109480 | Bazaar   | Bought an uncursed amulet of resist mutation for 480 gold pieces
109515 | Bazaar   | Bought the +3 pair of gauntlets of War {Acc+5 Dam+5} for 515 gold pieces
109536 | Bazaar   | Bought a scroll of enchant weapon I for 77 gold pieces
109536 | Bazaar   | Bought a scroll of teleportation for 42 gold pieces
109536 | Bazaar   | Bought a scroll of teleportation for 42 gold pieces
110209 | D:27     | Reached skill level 27 in Fighting
110601 | D:27     | Received a gift from Okawaru
111611 | Lair:1   | Lost mutation: You are very clumsy. (Dex -4) [potion of cure mutation]
111611 | Lair:1   | Lost mutation: You have a pair of small horns on your head. [potion of cure mutation]
111611 | Lair:1   | Lost mutation: You are frail (-10% HP). [potion of cure mutation]
111611 | Lair:1   | Lost mutation: Armour fits poorly on your strangely shaped body. [potion of cure mutation]
111611 | Lair:1   | Lost mutation: You are clumsy. (Dex -2) [potion of cure mutation]
111879 | Vaults:5 | Bought a potion of cure mutation for 630 gold pieces
111879 | Vaults:5 | Bought a potion of invisibility for 99 gold pieces
111887 | Vaults:5 | Bought a scroll of fog for 38 gold pieces
111887 | Vaults:5 | Bought a scroll of enchant armour for 104 gold pieces
111901 | Vaults:5 | Bought a scroll of enchant armour for 110 gold pieces
111916 | Vaults:5 | Bought a scroll of magic mapping for 52 gold pieces
111916 | Vaults:5 | Bought a scroll of enchant armour for 82 gold pieces
111916 | Vaults:5 | Bought a scroll of fog for 30 gold pieces
111935 | Vaults:5 | Bought a scroll of magic mapping for 63 gold pieces
111935 | Vaults:5 | Bought a scroll of fog for 36 gold pieces
111935 | Vaults:5 | Bought a scroll of teleportation for 54 gold pieces
111943 | Vaults:5 | Bought a scroll of blinking for 93 gold pieces
111969 | Vaults:5 | Bought a bread ration for 56 gold pieces
111969 | Vaults:5 | Bought a bread ration for 56 gold pieces
111969 | Vaults:5 | Bought a bread ration for 56 gold pieces
111969 | Vaults:5 | Bought a meat ration for 56 gold pieces
111969 | Vaults:5 | Bought a bread ration for 56 gold pieces
111969 | Vaults:5 | Bought a bread ration for 56 gold pieces
111969 | Vaults:5 | Bought a meat ration for 56 gold pieces
112581 | Lair:1   | Lost mutation: You are surrounded by a moderate repulsion field (EV +3). [helix card]
112741 | Lair:1   | Lost mutation: You can translocate small distances at will. [helix card]
112741 | Lair:1   | Gained mutation: You have sharp fingernails. [helix card]
112793 | Lair:1   | Lost mutation: You are somewhat resistant to further mutation. [helix card]
112793 | Lair:1   | Gained mutation: You are dopey. (Int -2) [helix card]
112819 | Lair:1   | Gained mutation: You are covered in fur (AC +1). [potion of mutation]
112820 | Lair:1   | Lost mutation: You are surrounded by a mild repulsion field (EV +2). [potion of mutation]
112821 | Lair:1   | Gained mutation: You tend to lose your temper in combat. [potion of mutation]
112821 | Lair:1   | Gained mutation: You have claws for feet. [potion of mutation]
112821 | Lair:1   | Lost mutation: You are weak. (Str -2) [potion of mutation]
112822 | Lair:1   | Lost mutation: You are dopey. (Int -2) [potion of mutation]
112822 | Lair:1   | Lost mutation: You tend to lose your temper in combat. [potion of mutation]
112823 | Lair:1   | Lost mutation: You heal slowly. [potion of mutation]
112823 | Lair:1   | Gained mutation: You have a pair of small antennae on your head. [potion of mutation]
112823 | Lair:1   | Gained mutation: You need consume almost no food. [potion of mutation]
112835 | Lair:1   | Gained mutation: You have an increased reservoir of magic (+10% MP). [potion of beneficial mutation]
112836 | Lair:1   | Gained mutation: You possess an exceptional clarity of mind. [potion of beneficial mutation]
112837 | Lair:1   | Gained mutation: Your flesh is cold resistant. [potion of beneficial mutation]
113180 | Temple   | Fell from the grace of Okawaru
113180 | Temple   | Became a worshipper of the Shining One
124095 | Temple   | Fell from the grace of the Shining One
143752 | Temple   | Was forgiven by Okawaru
156792 | Temple   | Became a worshipper of the Shining One
157379 | Crypt:1  | Entered Level 1 of the Crypt
157419 | Crypt:1  | Reached skill level 1 in Dodging
157562 | Crypt:1  | Acquired the Shining One's first power
157698 | Crypt:1  | Noticed Khufu
157723 | Crypt:1  | Killed Khufu
157723 | Crypt:1  | Reached skill level 1 in Translocations
157723 | Crypt:1  | Reached XP level 27. HP: 105/201 MP: 42/42
157745 | Crypt:1  | Got a vibrating silver ring
157778 | Crypt:1  | Noticed a greater mummy
157778 | Crypt:1  | Noticed a greater mummy
158145 | Crypt:1  | Paralysed by a vampire knight for 5 turns
158576 | Crypt:1  | Acquired the Shining One's second power
158895 | Lair:1   | Identified the ring of Teth {+Fly rElec Int+2} (You found it on level 1 of the Crypt)
161290 | Crypt:1  | Noticed a greater mummy
161304 | Crypt:1  | Killed a greater mummy
162159 | Crypt:1  | Killed a greater mummy
162185 | Crypt:1  | Killed a greater mummy
163772 | Crypt:3  | Reached skill level 5 in Dodging
163797 | Crypt:3  | Got a shimmering ring mail
164008 | Crypt:3  | Acquired the Shining One's third power
164414 | Crypt:3  | Found a staircase to the Tomb.
164418 | Crypt:3  | Acquired the Shining One's fourth power
165788 | Crypt:4  | Noticed Boris
165793 | Crypt:4  | Noticed Frances
165809 | Crypt:4  | Killed Boris
165854 | Crypt:4  | Killed Frances
166566 | Crypt:5  | Entered Level 5 of the Crypt
167587 | Crypt:5  | Upgraded the game from 0.13.0-19-g8e0b589 to 0.13.0-25-g43d4df3
169218 | Crypt:5  | Found an ancient bone altar of Kikubaaqudgha.
169218 | Crypt:5  | Noticed an ancient lich
169219 | Crypt:5  | Got a sparkling crystal amulet
169238 | Crypt:5  | Killed an ancient lich
169260 | Crypt:5  | Noticed an ancient lich
169430 | Crypt:5  | Killed an ancient lich
169711 | Crypt:5  | Got a polished quarterstaff
175378 | Temple   | Identified a +5,+3 eveningstar of holy wrath (a +5,+2 eveningstar of pain blessed by the Shining One)
175699 | Lair:1   | Identified the amulet "Bulo Sigg" {+Rage rF++} (You took it off a skeletal warrior on level 5 of the Crypt)
176128 | Tomb:1   | Entered Level 1 of the Tomb of the Ancients
177435 | Tomb:1   | Paralysed by a Zot trap for 4 turns
177823 | Tomb:1   | Got a transparent trident
177904 | Tomb:2   | Lost dexterity.
184007 | Tomb:3   | Entered Level 3 of the Tomb of the Ancients
187788 | Tomb:3   | Reached skill level 10 in Dodging
188392 | Tomb:3   | Got a golden rune of Zot
188723 | Tomb:3   | Got a shimmering turquoise ring
188735 | Tomb:3   | Got a wavering granite ring
188808 | Tomb:3   | Got a crude iron ring
189602 | Lair:1   | Identified the cursed ring "Chaifeog" {rPois AC+4 Dam+5} (You found it on level 3 of the Tomb of the Ancients)
189603 | Lair:1   | Identified the ring of Untruth {rF+ rN+ SInv} (You found it on level 3 of the Tomb of the Ancients)
189603 | Lair:1   | Identified the ring of Tulips {rF+ rN+ Dex+2 Int+4} (You found it on level 3 of the Tomb of the Ancients)
189620 | Lair:1   | Identified a cursed +2 rod of frigid destruction (12/12) (You found it on level 3 of the Tomb of the Ancients)
189962 | Hell     | Entered the Vestibule of Hell
189967 | Hell     | Noticed Geryon
189984 | Hell     | Killed Geryon
191070 | Geh:1    | Entered Level 1 of Gehenna
194583 | Geh:3    | Lost dexterity.
195967 | Geh:7    | Entered Level 7 of Gehenna
196504 | Geh:7    | Noticed the Serpent of Hell
196518 | Geh:7    | Killed the Serpent of Hell
196739 | Geh:7    | Noticed Asmodeus
196758 | Geh:7    | Killed Asmodeus
196910 | Geh:7    | Got a twisted hand axe
196914 | Geh:7    | Identified Sif Muna's Reference Book on Displacement
196987 | Geh:7    | Got a steaming battleaxe
196990 | Geh:7    | Got an ichor-stained ring mail
197001 | Geh:7    | Got an obsidian rune of Zot
197096 | Geh:7    | Got an ichor-stained long sword
197119 | Geh:7    | Got a brightly glowing quarterstaff
198052 | Tar:1    | Entered Level 1 of Tartarus
198333 | Tar:1    | Paralysed by the effects of Hell for 7 turns
198936 | Tar:3    | Reached skill level 15 in Dodging
199506 | Tar:4    | Lost mutation: You have claws for feet. [a Zot trap]
199549 | Tar:4    | Lost dexterity.
200731 | Tar:7    | Entered Level 7 of Tartarus
201333 | Tar:7    | Reached skill level 27 in Shields
202161 | Tar:7    | Noticed Ereshkigal
202719 | Tar:7    | Killed Ereshkigal
202764 | Tar:7    | Got an ancient dagger
202770 | Tar:7    | Got a bone rune of Zot
203512 | Coc:1    | Entered Level 1 of Cocytus
204200 | Coc:4    | Reached skill level 27 in Armour
204306 | Coc:5    | Paralysed by the effects of Hell for 3 turns
204682 | Coc:7    | Entered Level 7 of Cocytus
204967 | Coc:7    | Noticed Antaeus
204992 | Coc:7    | Killed Antaeus
205045 | Coc:7    | Got an icy rune of Zot
205369 | Coc:7    | Got an encrusted falchion
206764 | Dis:1    | Entered Level 1 of the Iron City of Dis
208187 | Dis:7    | Entered Level 7 of the Iron City of Dis
209243 | Dis:7    | Got a brightly glowing war axe
209285 | Dis:7    | Noticed Dispater
209304 | Dis:7    | Killed Dispater
209311 | Dis:7    | Gained mutation: You heal slowly. [a cacodemon]
209317 | Dis:7    | Gained mutation: You are frail (-10% HP). [a cacodemon]
209317 | Dis:7    | Gained mutation: You are weak. (Str -2) [a cacodemon]
209318 | Dis:7    | Gained mutation: Armour fits poorly on your strangely shaped body. [a cacodemon]
209320 | Dis:7    | Lost mutation: You need consume almost no food. [a cacodemon]
209334 | Dis:7    | Got an iron rune of Zot
210149 | Lair:1   | Gained mutation: You are very weak. (Str -4) [potion of mutation]
210150 | Lair:1   | Lost mutation: Armour fits poorly on your strangely shaped body. [potion of cure mutation]
210150 | Lair:1   | Lost mutation: You are very weak. (Str -4) [potion of cure mutation]
210150 | Lair:1   | Lost mutation: You are frail (-10% HP). [potion of cure mutation]
210534 | D:22     | Voluntarily entered the Abyss.
210935 | Abyss:2  | Gained mutation: You are frail (-10% HP). [mutagenic meat]
210937 | Abyss:2  | Gained mutation: You are resistant to hostile enchantments. [mutagenic meat]
210939 | Abyss:2  | Lost mutation: You heal slowly. [mutagenic meat]
210940 | Abyss:2  | Lost mutation: You are frail (-10% HP). [mutagenic meat]
210941 | Abyss:2  | Lost mutation: You are weak. (Str -2) [mutagenic meat]
211534 | Abyss:3  | Found a corrupted altar of Lugonu.
211888 | Abyss:3  | Found a corrupted altar of Lugonu.
212260 | Abyss:3  | Got an abyssal rune of Zot
212283 | Abyss:3  | Found a bloodstained altar of Trog.
212283 | Abyss:3  | Found a white marble altar of Elyvilon.
212283 | Abyss:3  | Found a radiant altar of Vehumet.
212283 | Abyss:3  | Found a basalt altar of Yredelemnul.
212283 | Abyss:3  | Found a glowing golden altar of the Shining One.
212283 | Abyss:3  | Found a shattered altar of Ashenzari.
212283 | Abyss:3  | Found an ancient bone altar of Kikubaaqudgha.
212283 | Abyss:3  | Found a glowing silver altar of Zin.
212283 | Abyss:3  | Found a blossoming altar of Fedhas.
212284 | Abyss:3  | Found a shimmering altar of Xom.
212285 | Abyss:3  | Found a sparkling altar of Nemelex Xobeh.
212285 | Abyss:3  | Found an iron altar of Okawaru.
212286 | Abyss:3  | Found a burning altar of Makhleb.
212287 | Abyss:3  | Found a snail-covered altar of Cheibriados.
212287 | Abyss:3  | Found a deep blue altar of Sif Muna.
212308 | D:22     | Escaped the Abyss
213047 | Pan      | Entered Pandemonium
213241 | Pan      | Noticed Atuscho the pandemonium lord
213251 | Pan      | Killed Atuscho the pandemonium lord
213317 | Pan      | Lost mutation: You have an increased reservoir of magic (+10% MP). [a neqoxec]
213420 | Pan      | Gained mutation: You passively map a small area around you. [a neqoxec]
213751 | Pan      | Noticed Ghoameqai the pandemonium lord
213756 | Pan      | Killed Ghoameqai the pandemonium lord
213898 | Pan      | Found an exit through the horrors of the Abyss.
213942 | Pan      | Gained mutation: You are frail (-10% HP). [a neqoxec]
214032 | Pan      | Gained mutation: Your magical capacity is low (-10% MP). [a neqoxec]
214606 | Pan      | Noticed Zihaco Hugo the pandemonium lord
214619 | Pan      | Killed Zihaco Hugo the pandemonium lord
214639 | Pan      | Got a faintly glowing steel ring
214752 | Pan      | Found an exit through the horrors of the Abyss.
214832 | Pan      | Got a fine brass amulet
215138 | Pan      | Lost intelligence.
215306 | Pan      | Noticed Vuzoran the pandemonium lord
215313 | Pan      | Killed Vuzoran the pandemonium lord
215542 | Pan      | Found a gateway to a ziggurat.
215542 | Pan      | Noticed an ancient lich
215542 | Pan      | Noticed an ancient lich
215569 | Pan      | Killed an ancient lich
215571 | Pan      | Killed an ancient lich
215637 | Pan      | You paid a toll of 3280 gold to enter a ziggurat.
215637 | Zig:1    | Entered Level 1 of a ziggurat
215658 | Zig:2    | Entered Level 2 of a ziggurat
215674 | Zig:3    | Entered Level 3 of a ziggurat
215677 | Zig:3    | Noticed Goamn the pandemonium lord
215695 | Zig:3    | Killed Goamn the pandemonium lord
215731 | Zig:4    | Entered Level 4 of a ziggurat
215836 | Zig:4    | Identified the amulet "Ywuin" {+Rage Int+1} (You found it in Pandemonium)
215848 | Zig:5    | Entered Level 5 of a ziggurat
215881 | Zig:5    | Got a warped lead ring
215886 | Zig:5    | Identified the ring of Shrishun {Fire Dex+2 Int-2} (You found it in Pandemonium)
215904 | Zig:6    | Entered Level 6 of a ziggurat
216044 | Zig:6    | Identified a +3 rod of frigid destruction (10/10) (You found it in Pandemonium)
216082 | Zig:7    | Entered Level 7 of a ziggurat
216237 | Zig:7    | Identified Borgnjor's Catalogue of Evil
216252 | Zig:8    | Entered Level 8 of a ziggurat
216256 | Zig:8    | Noticed Sumun the pandemonium lord
216259 | Zig:8    | Noticed Xateu the pandemonium lord
216273 | Zig:8    | Killed Sumun the pandemonium lord
216278 | Zig:8    | Killed Xateu the pandemonium lord
216358 | Zig:8    | Got a smoking mace
216366 | Zig:8    | Identified the mace "Catov" {drain, Int-5} (You found it on level 8 of a ziggurat)
216380 | Zig:9    | Entered Level 9 of a ziggurat
216449 | Zig:9    | Identified the ring "Kliufost" {Hunger- rPois rC+ SInv} (You found it on level 5 of a ziggurat)
216449 | Zig:9    | Identified a +2 rod of venom (9/9) (You found it on level 6 of a ziggurat)
216500 | Zig:10   | Entered Level 10 of a ziggurat
216604 | Zig:10   | Lost mutation: Your magical capacity is low (-10% MP). [mutagenic meat]
216710 | Zig:10   | Got a steaming granite ring
216727 | Zig:10   | Identified the ring "Ziukkyv" {Hunger rElec rN+} (You found it on level 10 of a ziggurat)
216793 | Zig:11   | Entered Level 11 of a ziggurat
217212 | Zig:11   | Got a crystal sabre
217222 | Zig:11   | Got a dazzling chain mail
217227 | Zig:11   | Got a crude halberd
217228 | Zig:11   | Identified the cursed -1,+7 sabre of Honour {freeze, Hunger+ rF++ rC++ Dex-1 Int+2} (You found it on level 11 of a ziggurat)
217247 | Zig:12   | Entered Level 12 of a ziggurat
217331 | Zig:12   | Gained mutation: Your body is slowly deteriorating. [a neqoxec]
217429 | Zig:12   | Identified Cloram's Disquisition on Slavery
217448 | Zig:12   | Identified a +2 rod of the swarm (9/9) (You found it on level 12 of a ziggurat)
217538 | Zig:13   | Entered Level 13 of a ziggurat
217789 | Zig:13   | Identified the Handbook of Translocation
217800 | Zig:13   | Got a warped jade ring
217928 | Zig:14   | Entered Level 14 of a ziggurat
218077 | Zig:14   | Got a scintillating copper amulet
218183 | Zig:14   | Lost mutation: You passively map a small area around you. [helix card]
218311 | Zig:15   | Entered Level 15 of a ziggurat
218366 | Zig:15   | Reached skill level 1 in Bows
218503 | Zig:15   | Identified the ring of Patience {+/*Tele +Blink rElec} (You found it on level 13 of a ziggurat)
218504 | Zig:15   | Identified the amulet "Qalioc" {Cons rC- Dex+4 Int+3} (You found it on level 14 of a ziggurat)
218682 | Pan      | Lost mutation: You are frail (-10% HP). [a neqoxec]
218684 | Pan      | Gained mutation: You digest meat inefficiently. [a neqoxec]
218951 | Pan      | Noticed Liny the pandemonium lord
218957 | Pan      | Killed Liny the pandemonium lord
219246 | Pan      | Noticed Bicazoun the pandemonium lord
219258 | Pan      | Killed Bicazoun the pandemonium lord
219258 | Pan      | Reached skill level 5 in Bows
219393 | Pan      | Gained mutation: You tend to lose your temper in combat. [a neqoxec]
219651 | Pan      | Lost mutation: Your flesh is cold resistant. [potion of mutation]
219651 | Pan      | Lost mutation: You have sharp fingernails. [potion of mutation]
219651 | Pan      | Lost mutation: You are covered in fur (AC +1). [potion of mutation]
219652 | Pan      | Lost mutation: You tend to lose your temper in combat. [potion of cure mutation]
219652 | Pan      | Lost mutation: Your body is slowly deteriorating. [potion of cure mutation]
219652 | Pan      | Lost mutation: You possess an exceptional clarity of mind. [potion of cure mutation]
219892 | Pan      | Gained mutation: You are weak. (Str -2) [a neqoxec]
220032 | Pan      | Gained mutation: You are frail (-10% HP). [a neqoxec]
220076 | Pan      | Lost mutation: You are resistant to hostile enchantments. [a neqoxec]
220078 | Pan      | Gained mutation: You digest meat very inefficiently. [a neqoxec]
220082 | Pan      | Lost mutation: You have a pair of small antennae on your head. [potion of cure mutation]
220082 | Pan      | Lost mutation: You are frail (-10% HP). [potion of cure mutation]
220082 | Pan      | Lost mutation: You are weak. (Str -2) [potion of cure mutation]
220082 | Pan      | Lost mutation: You digest meat very inefficiently. [potion of cure mutation]
220382 | Pan      | Noticed Iculedgh the pandemonium lord
220397 | Pan      | Killed Iculedgh the pandemonium lord
220861 | Pan      | Noticed Loxkonol the pandemonium lord
220875 | Pan      | Killed Loxkonol the pandemonium lord
221001 | D:24     | Escaped Pandemonium
221761 | Pan      | Entered Pandemonium
222013 | Pan      | Noticed Nutoiria the pandemonium lord
222023 | Pan      | Killed Nutoiria the pandemonium lord
222202 | Pan      | Entered the realm of Mnoleg.
222202 | Pan      | Noticed Mnoleg
222218 | Pan      | Gained mutation: You are dopey. (Int -2) [a cacodemon]
222220 | Pan      | Killed Mnoleg
222256 | Pan      | Got a glowing rune of Zot
222285 | Pan      | Gained mutation: Your vision is a little blurry. [a neqoxec]
222474 | Pan      | Gained mutation: You heal slowly. [a neqoxec]
222486 | Pan      | Lost intelligence.
222614 | Pan      | Lost mutation: You are dopey. (Int -2) [potion of cure mutation]
222614 | Pan      | Lost mutation: You digest meat inefficiently. [potion of cure mutation]
222614 | Pan      | Lost mutation: Your vision is a little blurry. [potion of cure mutation]
222614 | Pan      | Lost mutation: You heal slowly. [potion of cure mutation]
222846 | Pan      | Found an exit through the horrors of the Abyss.
223191 | Pan      | Noticed Qetwu the pandemonium lord
223227 | Pan      | Killed Qetwu the pandemonium lord
223227 | Pan      | Reached skill level 27 in Maces & Flails
223331 | Pan      | Got a twisted dagger
223644 | Pan      | Noticed Wunano Blucu the pandemonium lord
223660 | Pan      | Gained mutation: Your vision is a little blurry. [a cacodemon]
223782 | Pan      | Killed Wunano Blucu the pandemonium lord
224399 | Pan      | Found an exit through the horrors of the Abyss.
224476 | Pan      | Noticed Stretulung the pandemonium lord
224487 | Pan      | Killed Stretulung the pandemonium lord
224487 | Pan      | Reached skill level 10 in Translocations
224944 | D:24     | Escaped Pandemonium
225770 | Pan      | Entered Pandemonium
225926 | Pan      | Found an exit through the horrors of the Abyss.
225955 | Pan      | Reached skill level 10 in Spellcasting
226251 | Pan      | Entered the realm of Cerebov.
226596 | Pan      | Noticed Cerebov
226684 | Pan      | Killed Cerebov
226735 | Pan      | Got a slimy plate armour
226996 | Pan      | Got a fiery rune of Zot
227545 | Pan      | Found an exit through the horrors of the Abyss.
227944 | Pan      | Got a shimmering amber ring
227972 | Pan      | Identified the cursed -5 plate armour "Iwaung" {rF+ rN+} (You found it in Pandemonium)
227975 | Pan      | Got a pair of steaming gloves
227979 | Pan      | Identified the +2 pair of gloves "Shyups" {Dex+3 Int+3} (You found it in Pandemonium)
228276 | Pan      | Noticed Unaidauf the pandemonium lord
228282 | Pan      | Cast into the Abyss (Unaidauf)
228489 | Pan      | Escaped the Abyss
228496 | Pan      | Killed Unaidauf the pandemonium lord
228548 | Pan      | Gained mutation: Your body is slowly deteriorating. [a neqoxec]
228977 | Pan      | Noticed Zior the pandemonium lord
228984 | Pan      | Killed Zior the pandemonium lord
229622 | Pan      | Entered the realm of Gloorx Vloq.
229692 | Pan      | Identified the ring "Haxzel" {Hunger rPois} (You found it in Pandemonium)
229701 | Pan      | Identified a +0 rod of fiery destruction (12/12) (You found it in Pandemonium)
229706 | Pan      | Gained mutation: You are partially covered in molten scales (AC +1). [potion of beneficial mutation]
229707 | Pan      | Lost mutation: Your body is slowly deteriorating. [potion of cure mutation]
229707 | Pan      | Lost mutation: Your vision is a little blurry. [potion of cure mutation]
229707 | Pan      | Lost mutation: You are partially covered in molten scales (AC +1). [potion of cure mutation]
230018 | Pan      | Found an exit through the horrors of the Abyss.
230380 | Pan      | Noticed Gloorx Vloq
230393 | Pan      | Killed Gloorx Vloq
230504 | Pan      | Got a dark rune of Zot
230642 | Pan      | Entered the realm of Lom Lobon.
230670 | Pan      | Noticed Lom Lobon
230702 | Pan      | Killed Lom Lobon
231615 | Pan      | Got a magical rune of Zot
231800 | Pan      | Noticed Khiumm the pandemonium lord
231817 | Pan      | Killed Khiumm the pandemonium lord
232068 | Pan      | Reached skill level 27 in Dodging
232409 | Pan      | Reached skill level 1 in Charms
232607 | D:24     | Escaped Pandemonium
233042 | Lair:1   | Learned a level 6 spell: Dispersal
233048 | Lair:1   | Learned a level 5 spell: Phase Shift
233052 | Lair:1   | Learned a level 3 spell: Teleport Other
233057 | Lair:1   | Learned a level 4 spell: Control Teleport
233062 | Lair:1   | Learned a level 4 spell: Condensation Shield
233070 | Lair:1   | Learned a level 7 spell: Controlled Blink
233073 | Lair:1   | Learned a level 2 spell: Stoneskin
233082 | Lair:1   | Learned a level 4 spell: Cause Fear
233468 | Pan      | Entered Pandemonium
233537 | Pan      | Noticed Nouchih the pandemonium lord
233544 | Pan      | Reached skill level 1 in Ice Magic
233544 | Pan      | Reached skill level 1 in Earth Magic
233548 | Pan      | Reached skill level 1 in Hexes
233552 | Pan      | Killed Nouchih the pandemonium lord
234202 | Pan      | Found an exit through the horrors of the Abyss.
234244 | Pan      | Found a gateway to a ziggurat.
234258 | Pan      | You paid a toll of 5840 gold to enter a ziggurat.
234258 | Zig:1    | Entered Level 1 of a ziggurat
234272 | Zig:2    | Entered Level 2 of a ziggurat
234319 | Zig:3    | Entered Level 3 of a ziggurat
234401 | Zig:4    | Entered Level 4 of a ziggurat
234401 | Zig:4    | Noticed Yfojik the pandemonium lord
234401 | Zig:4    | Noticed Pefypa the pandemonium lord
234419 | Zig:4    | Killed Yfojik the pandemonium lord
234423 | Zig:4    | Killed Pefypa the pandemonium lord
234436 | Zig:4    | Gained mutation: Your magical capacity is low (-10% MP). [a cacodemon]
234437 | Zig:4    | Gained mutation: You are clumsy. (Dex -2) [a neqoxec]
234466 | Zig:4    | Got a glittering granite ring
234679 | Zig:4    | Identified the ring "Nifeklegh" {+/*Tele +Blink MR++ Str+4} (You found it on level 4 of a ziggurat)
234686 | Zig:5    | Entered Level 5 of a ziggurat
234869 | Zig:6    | Entered Level 6 of a ziggurat
234925 | Zig:7    | Entered Level 7 of a ziggurat
234986 | Zig:8    | Entered Level 8 of a ziggurat
235109 | Zig:8    | Identified a +3 rod of frigid destruction (9/9) (You found it on level 6 of a ziggurat)
235114 | Zig:9    | Entered Level 9 of a ziggurat
235261 | Zig:9    | Gained mutation: You are robust (+10% HP). [mutagenic meat]
235489 | Zig:10   | Entered Level 10 of a ziggurat
235510 | Zig:10   | Noticed an ancient lich
235513 | Zig:10   | Reached skill level 5 in Earth Magic
235535 | Zig:10   | Killed an ancient lich
235577 | Zig:10   | Got a wavering bronze ring
235590 | Zig:10   | Identified Roxanne's Tome of Stones (You found it on level 10 of a ziggurat)
235676 | Zig:11   | Entered Level 11 of a ziggurat
235889 | Zig:12   | Entered Level 12 of a ziggurat
236001 | Zig:12   | Identified the ring "Xyduzuz" {SustAb +Blink MR++} (You found it on level 10 of a ziggurat)
236008 | Zig:12   | Identified a +1 cloak of preservation (You found it on level 12 of a ziggurat)
236039 | Zig:13   | Entered Level 13 of a ziggurat
236067 | Zig:13   | Reached skill level 5 in Charms
236356 | Zig:13   | Gained mutation: You digest meat inefficiently. [potion of mutation]
236356 | Zig:13   | Gained mutation: You are dopey. (Int -2) [potion of mutation]
236357 | Zig:13   | Lost mutation: You digest meat inefficiently. [potion of cure mutation]
236357 | Zig:13   | Lost mutation: You are clumsy. (Dex -2) [potion of cure mutation]
236357 | Zig:13   | Lost mutation: Your magical capacity is low (-10% MP). [potion of cure mutation]
236357 | Zig:13   | Lost mutation: You are robust (+10% HP). [potion of cure mutation]
236357 | Zig:13   | Lost mutation: You are dopey. (Int -2) [potion of cure mutation]
236367 | Zig:14   | Entered Level 14 of a ziggurat
236390 | Zig:14   | Paralysed by a giant eyeball for 3 turns
236401 | Zig:14   | Paralysed by a giant eyeball for 2 turns
236411 | Zig:14   | Paralysed by a giant eyeball for 3 turns
236418 | Zig:14   | Paralysed by a giant eyeball for 3 turns
236425 | Zig:14   | Paralysed by a giant eyeball for 2 turns
236433 | Zig:14   | Paralysed by a giant eyeball for 4 turns
236445 | Zig:14   | Paralysed by a giant eyeball for 4 turns
236534 | Zig:14   | Identified The Intricacies of Witchery (You found it on level 14 of a ziggurat)
236623 | Zig:14   | Gained mutation: You occasionally shout uncontrollably. [helix card]
236627 | Zig:14   | Lost mutation: You occasionally shout uncontrollably. [helix card]
236665 | Zig:15   | Entered Level 15 of a ziggurat
236670 | Zig:15   | Psiweapon: nice going you got there
236671 | Zig:15   | Lilouch: I was afraid 18th(
236671 | Zig:15   | Lilouch: so i try to restart one)
236741 | Zig:15   | Reached skill level 5 in Hexes
236998 | Zig:15   | Got a wavering platinum ring
237011 | Zig:15   | Identified the ring "Neukloq" {Wiz rPois Int+3 Acc+3 Stlth} (You found it on level 15 of a ziggurat)
237017 | Zig:16   | Entered Level 16 of a ziggurat
237176 | Zig:16   | Got a pair of warped gloves
237182 | Zig:16   | Psiweapon: that's a potion of what?
237184 | Zig:16   | Psiweapon: oh ok
237202 | Zig:16   | Lilouch: seems need to start again\
237221 | Pan      | Identified the +2 pair of gloves "Icigakhlo" {Str-3 Dex+1 Int+2} (You found it on level 16 of a ziggurat)
237298 | Pan      | Noticed Phaihoem the pandemonium lord
237310 | Pan      | Gained mutation: You are clumsy. (Dex -2) [a cacodemon]
237321 | Pan      | Killed Phaihoem the pandemonium lord
237321 | Pan      | Reached skill level 15 in Spellcasting
237332 | Pan      | Gained mutation: You are frail (-10% HP). [a neqoxec]
237378 | Pan      | Psiweapon: AC 76 LOOOOOOLLL
237381 | Pan      | Lilouch: ))))
237381 | Pan      | Psiweapon: do you think gargoyles will get nerfed??
237381 | Pan      | Psiweapon: hehe nice
237381 | Pan      | Lilouch: no) ofc
237381 | Pan      | Lilouch: its her plus
237381 | Pan      | Lilouch: look- 200 hp only\
237381 | Pan      | Lilouch: i got mut with +10%
237381 | Pan      | Lilouch: 221(
237381 | Pan      | Lilouch: not enough
237644 | Pan      | Psiweapon: have fun and good luck in your adventures! bye!
237648 | Pan      | Lilouch: you too)
237839 | Pan      | Paralysed by a giant eyeball for 4 turns
237846 | Pan      | Paralysed by a giant eyeball for 2 turns
238055 | Pan      | Reached skill level 15 in Translocations
238104 | Pan      | Noticed Xeriocs the pandemonium lord
238113 | Pan      | Killed Xeriocs the pandemonium lord
238616 | Pan      | Found an exit through the horrors of the Abyss.
238872 | Pan      | Gained mutation: You possess an exceptional clarity of mind. [a cacodemon]
239153 | Pan      | Gained mutation: You have claws for feet. [a neqoxec]
239155 | Pan      | Gained mutation: You tend to lose your temper in combat. [a neqoxec]
239369 | Pan      | Lost mutation: You tend to lose your temper in combat. [potion of cure mutation]
239369 | Pan      | Lost mutation: You are clumsy. (Dex -2) [potion of cure mutation]
239369 | Pan      | Lost mutation: You are frail (-10% HP). [potion of cure mutation]
239370 | Pan      | Lost mutation: You have claws for feet. [potion of cure mutation]
239370 | Pan      | Lost mutation: You possess an exceptional clarity of mind. [potion of cure mutation]
239416 | Pan      | Noticed Ohaitt the pandemonium lord
239426 | Pan      | Killed Ohaitt the pandemonium lord
239426 | Pan      | Reached skill level 10 in Earth Magic
239444 | Pan      | Got a demonic rune of Zot
239840 | Pan      | Gained mutation: Your magical capacity is low (-10% MP). [a neqoxec]
240148 | Pan      | Noticed Betidy the pandemonium lord
240162 | Pan      | Killed Betidy the pandemonium lord
240284 | Pan      | Identified a +1 rod of the swarm (11/11) (You found it in Pandemonium)
241307 | Pan      | Gained mutation: You are agile. (Dex +2) [potion of mutation]
241307 | Pan      | Gained mutation: You have a pair of small horns on your head. [potion of mutation]
241307 | Pan      | Gained mutation: Your muscles are strong. (Str +2) [potion of mutation]
241576 | Pan      | Noticed Piepu the pandemonium lord
241586 | Pan      | Killed Piepu the pandemonium lord
241866 | Pan      | Found a gateway to a ziggurat.
241874 | Pan      | Paralysed by a giant eyeball for 4 turns
241887 | Pan      | Paralysed by a giant eyeball for 4 turns
242115 | Pan      | Noticed Ignacio
242123 | Pan      | Killed Ignacio
242389 | Pan      | Identified Sif Muna's Collected Works on Attacks (You found it in Pandemonium)
242448 | Pan      | Noticed Wudust the pandemonium lord
242509 | Pan      | Killed Wudust the pandemonium lord
242572 | Pan      | Reached skill level 10 in Charms
243084 | Pan      | Found a gateway to a ziggurat.
243142 | Pan      | Noticed Khuefik the pandemonium lord
243165 | Pan      | Killed Khuefik the pandemonium lord
244122 | Pan      | Noticed Psugai Gedd the pandemonium lord
244133 | Pan      | Killed Psugai Gedd the pandemonium lord
244394 | Pan      | Lost intelligence.
244459 | Pan      | Gained mutation: You tend to lose your temper in combat. [a neqoxec]
244823 | Pan      | Gained mutation: You occasionally shout uncontrollably. [a neqoxec]
244827 | Pan      | Lost mutation: You tend to lose your temper in combat. [potion of cure mutation]
244827 | Pan      | Lost mutation: You have a pair of small horns on your head. [potion of cure mutation]
244827 | Pan      | Lost mutation: Your muscles are strong. (Str +2) [potion of cure mutation]
244827 | Pan      | Lost mutation: Your magical capacity is low (-10% MP). [potion of cure mutation]
245024 | Pan      | Noticed Nuhahee the pandemonium lord
245031 | Pan      | Killed Nuhahee the pandemonium lord
245133 | Pan      | Reached skill level 10 in Hexes
245497 | Pan      | Gained mutation: Armour fits poorly on your strangely shaped body. [a neqoxec]
245548 | Pan      | Got a pair of faintly glowing gloves
245549 | Pan      | Identified the +1 pair of gloves of the Blind Marksman {Str-3} (You found it in Pandemonium)
245599 | Pan      | Found an exit through the horrors of the Abyss.
245756 | Pan      | Reached skill level 1 in Air Magic
245777 | Pan      | Noticed Keteixil the pandemonium lord
245782 | Pan      | Killed Keteixil the pandemonium lord
245954 | D:24     | Escaped Pandemonium
246946 | D:22     | Voluntarily entered the Abyss.
247003 | Abyss:1  | Found a corrupted altar of Lugonu.
247223 | Abyss:1  | Gained mutation: You tend to lose your temper in combat. [a shining eye]
247588 | Abyss:1  | Paralysed by accursed screaming for 2 turns
247593 | Abyss:1  | Paralysed by accursed screaming for 1 turns
247743 | Abyss:1  | Paralysed by accursed screaming for 1 turns
247846 | Abyss:1  | Gained mutation: You sometimes yell uncontrollably. [a shining eye]
247848 | Abyss:1  | Gained mutation: You are dopey. (Int -2) [a shining eye]
247884 | Abyss:1  | Found a deep blue altar of Sif Muna.
248736 | Abyss:1  | Noticed an ancient lich
248742 | Abyss:1  | Killed an ancient lich
250170 | Abyss:1  | Paralysed by accursed screaming for 1 turns
250736 | Abyss:1  | Reached skill level 10 in Conjurations
251247 | Abyss:2  | Found a corrupted altar of Lugonu.
251525 | Abyss:4  | Found a corrupted altar of Lugonu.
251554 | Abyss:4  | Found a corrupted altar of Lugonu.
251590 | Abyss:4  | Found a corrupted altar of Lugonu.
251595 | Abyss:5  | Entered Level 5 of the Abyss
251595 | Abyss:5  | Found a corrupted altar of Lugonu.
251769 | Abyss:5  | Found a deep blue altar of Sif Muna.
251822 | Abyss:5  | Identified the Tome of the Escort
251837 | Abyss:5  | Identified the Tome of Toxins
251849 | Abyss:5  | Identified Kirke's Reference Book on Hexes
251855 | Abyss:5  | Identified the Disquisition on Self-Knowledge
251860 | Abyss:5  | Found a deep blue altar of Sif Muna.
251861 | Abyss:5  | Identified the Catalogue of Calling
251868 | Abyss:5  | Identified the Collected Works on Damage Dealing (You found it on level 5 of the Abyss)
251892 | Abyss:5  | Identified Obrafev's Tome of Beguiling (You found it on level 5 of the Abyss)
251894 | Abyss:5  | Identified the Grimoire of Enhancements (You found it on level 5 of the Abyss)
251915 | Abyss:5  | Found a shimmering altar of Xom.
251980 | Abyss:5  | Gained mutation: You are weak. (Str -2) [a neqoxec]
251983 | Abyss:5  | Gained mutation: You heal slowly. [mutagenic glow]
252058 | Abyss:5  | Gained mutation: You are very dopey. (Int -4) [mutagenic glow]
252325 | Abyss:5  | Found an iron altar of Okawaru.
252342 | Abyss:5  | Found an iron altar of Okawaru.
252737 | Abyss:5  | Gained mutation: You are frail (-10% HP). [a neqoxec]
252748 | Abyss:5  | Paralysed by accursed screaming for 1 turns
252840 | Abyss:5  | Paralysed by accursed screaming for 1 turns
252844 | Abyss:5  | Paralysed by accursed screaming for 1 turns
252939 | Abyss:5  | Gained mutation: You often lose your temper in combat. [a neqoxec]
253008 | Abyss:5  | Reached skill level 15 in Earth Magic
253772 | Abyss:5  | Lost mutation: You are agile. (Dex +2) [a neqoxec]
253891 | Abyss:5  | Gained mutation: You are very frail (-20% HP). [a neqoxec]
253897 | Abyss:5  | Gained mutation: You frequently scream uncontrollably. [a neqoxec]
254118 | Abyss:5  | Gained mutation: You have an uncontrollable temper. [a neqoxec]
254154 | Abyss:5  | Reached skill level 5 in Air Magic
254235 | Abyss:5  | Gained mutation: You heal very slowly. [a neqoxec]
254372 | Abyss:5  | Paralysed by accursed screaming for 1 turns
254640 | D:22     | Escaped the Abyss
254968 | Lair:1   | Lost mutation: You are very frail (-20% HP). [potion of cure mutation]
254968 | Lair:1   | Lost mutation: You heal very slowly. [potion of cure mutation]
254968 | Lair:1   | Lost mutation: You have an uncontrollable temper. [potion of cure mutation]
254968 | Lair:1   | Lost mutation: Armour fits poorly on your strangely shaped body. [potion of cure mutation]
254968 | Lair:1   | Lost mutation: You are weak. (Str -2) [potion of cure mutation]
254969 | Lair:1   | Lost mutation: You are frail (-10% HP). [potion of cure mutation]
254969 | Lair:1   | Lost mutation: You frequently scream uncontrollably. [potion of cure mutation]
254971 | Lair:1   | Lost mutation: You are very dopey. (Int -4) [potion of cure mutation]
254971 | Lair:1   | Lost mutation: You often lose your temper in combat. [potion of cure mutation]
254971 | Lair:1   | Lost mutation: You sometimes yell uncontrollably. [potion of cure mutation]
254971 | Lair:1   | Lost mutation: You occasionally shout uncontrollably. [potion of cure mutation]
254971 | Lair:1   | Lost mutation: You are dopey. (Int -2) [potion of cure mutation]
255505 | Pan      | Entered Pandemonium
255879 | Pan      | Noticed Eproh Boexo the pandemonium lord
255892 | Pan      | Killed Eproh Boexo the pandemonium lord
256427 | Pan      | Noticed Pluret the pandemonium lord
256446 | Pan      | Killed Pluret the pandemonium lord
256858 | Pan      | Noticed Toxtal the pandemonium lord
256870 | Pan      | Killed Toxtal the pandemonium lord
257426 | Pan      | Noticed Xyoc the pandemonium lord
257440 | Pan      | Killed Xyoc the pandemonium lord
257484 | Pan      | Got a brightly glowing mace {flame}
257494 | D:24     | Escaped Pandemonium
257500 | Pan      | Entered Pandemonium
257577 | Pan      | Noticed Futad the pandemonium lord
257582 | Pan      | Killed Futad the pandemonium lord
258641 | Pan      | Noticed Omioq the pandemonium lord
258661 | Pan      | Killed Omioq the pandemonium lord
259063 | Pan      | Noticed Dorutt the pandemonium lord
259081 | Pan      | Killed Dorutt the pandemonium lord
259437 | Pan      | Noticed Doivon the pandemonium lord
259449 | Pan      | Killed Doivon the pandemonium lord
259904 | Pan      | Found an exit through the horrors of the Abyss.
260013 | Pan      | Noticed Orusoch the pandemonium lord
260038 | Pan      | Killed Orusoch the pandemonium lord
260437 | Pan      | Found an exit through the horrors of the Abyss.
260523 | Pan      | Noticed Atru the pandemonium lord
260532 | Pan      | Killed Atru the pandemonium lord
260658 | Pan      | Got a steaming glaive
261124 | Pan      | Got a jewelled scythe
261317 | Pan      | Learned a level 4 spell: Petrify
261404 | Pan      | Noticed Plym the pandemonium lord
261436 | Pan      | Killed Plym the pandemonium lord
261872 | Pan      | Learned a level 4 spell: Song of Shielding
261884 | Pan      | Learned a level 2 spell: Song of Slaying
262018 | Pan      | Noticed Trabrig the pandemonium lord
262036 | Pan      | Killed Trabrig the pandemonium lord
263053 | Pan      | Noticed Gririat the pandemonium lord
263068 | Pan      | Killed Gririat the pandemonium lord
263136 | Pan      | Identified Twaadeat's Compendium of Augmentations and Enchantment
263148 | Pan      | Got a bone sling
263978 | Pan      | Reached skill level 15 in Charms
264116 | Pan      | Noticed Twini the pandemonium lord
264127 | Pan      | Killed Twini the pandemonium lord
264783 | Pan      | Gained mutation: You can translocate small distances at will. [a neqoxec]
264968 | Pan      | Noticed Duicy the pandemonium lord
264977 | Pan      | Killed Duicy the pandemonium lord
265157 | Pan      | Noticed Wadedo the pandemonium lord
265171 | Pan      | Killed Wadedo the pandemonium lord
265705 | Pan      | Gained mutation: Space occasionally distorts in your vicinity. [a neqoxec]
265779 | Pan      | Noticed Fochicw the pandemonium lord
265789 | Pan      | Killed Fochicw the pandemonium lord
267414 | Pan      | Identified the cursed +9,+5 mace "Khuttona" {flame, +Blink rC- rN+} (You took it off an iron imp in Pandemonium)
267414 | Pan      | Identified the +5,+9 scythe of Profit {slice, Int+3} (You found it in Pandemonium)
267457 | Pan      | Gained mutation: You are weak. (Str -2) [a neqoxec]
267476 | Pan      | Got a faintly glowing sling
267856 | Pan      | Noticed Itsickod the pandemonium lord
267885 | Pan      | Killed Itsickod the pandemonium lord
267934 | Pan      | Learned a level 4 spell: Summon Ice Beast
267969 | Pan      | Gained mutation: You are frail (-10% HP). [a neqoxec]
267977 | Pan      | Lost mutation: You heal slowly. [potion of cure mutation]
267977 | Pan      | Lost mutation: You can translocate small distances at will. [potion of cure mutation]
267977 | Pan      | Lost mutation: You tend to lose your temper in combat. [potion of cure mutation]
267977 | Pan      | Lost mutation: You are weak. (Str -2) [potion of cure mutation]
267977 | Pan      | Lost mutation: You are frail (-10% HP). [potion of cure mutation]
267977 | Pan      | Lost mutation: Space occasionally distorts in your vicinity. [potion of cure mutation]
268436 | Pan      | Reached skill level 5 in Ice Magic
268460 | Pan      | Noticed Mneyrch the pandemonium lord
268475 | Pan      | Killed Mneyrch the pandemonium lord
268658 | Pan      | Learned a level 5 spell: Bolt of Magma
269350 | Pan      | Reached skill level 15 in Hexes
269352 | Pan      | Reached skill level 1 in Transmutations
269608 | Pan      | Reached skill level 1 in Fire Magic
269677 | Pan      | Identified the +5,+9 glaive of the Ass {chop, +Inv} (You found it in Pandemonium)
269678 | Pan      | Identified the cursed +3,+0 sling of the Peculiar Gods {venom, rC++ MR++ SInv} (You found it in Pandemonium)
269861 | Pan      | Noticed Ilirph the pandemonium lord
269870 | Pan      | Killed Ilirph the pandemonium lord
269870 | Pan      | Reached skill level 5 in Summonings
270191 | Pan      | Got an ancient scale mail
270560 | Pan      | Reached skill level 15 in Conjurations
270597 | Pan      | Noticed Shrem the pandemonium lord
270620 | Pan      | Killed Shrem the pandemonium lord
271372 | Pan      | Noticed Sher Haa the pandemonium lord
271384 | Pan      | Killed Sher Haa the pandemonium lord
272112 | D:24     | Escaped Pandemonium
272677 | Lair:1   | Learned a level 6 spell: Deflect Missiles
272694 | Lair:1   | Learned a level 4 spell: Condensation Shield
273061 | Pan      | Entered Pandemonium
273130 | Pan      | Noticed Cuviup the pandemonium lord
273146 | Pan      | Killed Cuviup the pandemonium lord
274056 | Pan      | Noticed Qiezoaf the pandemonium lord
274070 | Pan      | Killed Qiezoaf the pandemonium lord
274198 | D:24     | Escaped Pandemonium
274203 | Pan      | Entered Pandemonium
274237 | Pan      | Noticed Cleleed the pandemonium lord
274252 | Pan      | Killed Cleleed the pandemonium lord
274998 | Pan      | Noticed Teijibagh the pandemonium lord
275015 | Pan      | Killed Teijibagh the pandemonium lord
275044 | Pan      | Got a steaming amber ring
275492 | D:24     | Escaped Pandemonium
275494 | Pan      | Entered Pandemonium
275576 | Pan      | Noticed Thupnues the pandemonium lord
275630 | Pan      | Killed Thupnues the pandemonium lord
275986 | D:24     | Escaped Pandemonium
276337 | Lair:1   | Identified the ring "Ylluafaf" {MP+9 Dex+4} (You found it in Pandemonium)
276338 | Lair:1   | Identified a +3 rod of fiery destruction (12/12) (You found it in Pandemonium)
276506 | Lair:1   | Learned a level 2 spell: Shroud of Golubria
276611 | Lair:1   | Learned a level 6 spell: Mass Confusion
276968 | Pan      | Entered Pandemonium
277019 | Pan      | Noticed Mnogasau the pandemonium lord
277035 | Pan      | Killed Mnogasau the pandemonium lord
277155 | Pan      | Found an exit through the horrors of the Abyss.
277659 | D:24     | Escaped Pandemonium
277661 | Pan      | Entered Pandemonium
278110 | Pan      | Noticed Touhul Thruar the pandemonium lord
278124 | Pan      | Killed Touhul Thruar the pandemonium lord
278529 | Pan      | Found an exit through the horrors of the Abyss.
278757 | Pan      | Noticed Prug the pandemonium lord
278764 | Pan      | Killed Prug the pandemonium lord
278764 | Pan      | Reached skill level 5 in Transmutations
279000 | Pan      | Found an exit through the horrors of the Abyss.
279309 | Pan      | Noticed Quis the pandemonium lord
279329 | Pan      | Killed Quis the pandemonium lord
279333 | Pan      | Paralysed by a giant eyeball for 3 turns
279340 | Pan      | Paralysed by a giant eyeball for 2 turns
279786 | Pan      | Noticed Ciyran the pandemonium lord
280200 | Pan      | Killed Ciyran the pandemonium lord
280437 | Pan      | Upgraded the game from 0.13.0-25-g43d4df3 to 0.13.0-26-gf7ffa3a
280900 | Pan      | Noticed Debyvul the pandemonium lord
280913 | Pan      | Killed Debyvul the pandemonium lord
281856 | Pan      | Found an exit through the horrors of the Abyss.
281923 | Pan      | Noticed Hutrumab the pandemonium lord
281944 | Pan      | Killed Hutrumab the pandemonium lord
282014 | D:24     | Escaped Pandemonium
283359 | Lair:1   | Identified a +4 rod of demonology (11/11) (You found it in Pandemonium)
283366 | Lair:1   | Identified a +4 rod of striking (7/7) (You found it in Pandemonium)
283779 | Pan      | Entered Pandemonium
284025 | Pan      | Noticed Pnebat the pandemonium lord
284034 | Pan      | Killed Pnebat the pandemonium lord
284147 | D:24     | Escaped Pandemonium
284149 | Pan      | Entered Pandemonium
284244 | Pan      | Noticed Roddioc the pandemonium lord
284262 | Pan      | Killed Roddioc the pandemonium lord
284842 | D:24     | Escaped Pandemonium
285561 | Pan      | Entered Pandemonium
285976 | Pan      | Reached skill level 5 in Fire Magic
286045 | Pan      | Got an ebony war axe
286046 | Pan      | Identified the cursed -1,-1 war axe of Gallantry {chop, rElec} (You found it in Pandemonium)
286085 | Pan      | Noticed Pawnom the pandemonium lord
286102 | Pan      | Killed Pawnom the pandemonium lord
286279 | D:24     | Escaped Pandemonium
286286 | Pan      | Entered Pandemonium
286686 | Pan      | Noticed Cayqotao the pandemonium lord
286691 | Pan      | Killed Cayqotao the pandemonium lord
286716 | D:24     | Escaped Pandemonium
286724 | Pan      | Entered Pandemonium
286766 | Pan      | Found an exit through the horrors of the Abyss.
287335 | Pan      | Noticed Roodoqu the pandemonium lord
287624 | Pan      | Gained mutation: Your vision is a little blurry. [a neqoxec]
287920 | Pan      | Killed Roodoqu the pandemonium lord
288086 | Pan      | Gained mutation: Your body is slowly deteriorating. [a neqoxec]
288356 | Pan      | Found a gateway to a ziggurat.
288401 | Pan      | Reached skill level 10 in Ice Magic
288501 | Pan      | Noticed Schyss the pandemonium lord
288507 | Pan      | Killed Schyss the pandemonium lord
288631 | Pan      | Found an exit through the horrors of the Abyss.
288722 | Pan      | You paid a toll of 3410 gold to enter a ziggurat.
288722 | Zig:1    | Entered Level 1 of a ziggurat
288737 | Zig:2    | Entered Level 2 of a ziggurat
288881 | Zig:3    | Entered Level 3 of a ziggurat
289012 | Zig:4    | Entered Level 4 of a ziggurat
289054 | Zig:5    | Entered Level 5 of a ziggurat
289159 | Zig:5    | Got a crude buckler
289161 | Zig:5    | Identified the cursed -2 buckler of Anaesthesia {Str+1 Dam+2} (You found it on level 5 of a ziggurat)
289180 | Zig:6    | Entered Level 6 of a ziggurat
289199 | Zig:6    | Reached skill level 1 in Long Blades
289324 | Zig:7    | Entered Level 7 of a ziggurat
289370 | Zig:7    | Identified the Grimoire of Confrontation and Air
289377 | Zig:7    | Got a pair of fine gloves
289398 | Zig:7    | Identified the cursed -1 pair of gloves of Yredelemnul's Esteem {+Rage rElec rF++ Acc+2} (You found it on level 7 of a ziggurat)
289508 | Zig:8    | Entered Level 8 of a ziggurat
289601 | Zig:9    | Entered Level 9 of a ziggurat
289621 | Zig:9    | Identified the Volume of Summoning
289644 | Zig:9    | Got a transparent silver ring
289652 | Zig:9    | Identified the ring "Stryud" {rN+ Str-1 Int+2 Dam+6 Stlth++} (You found it on level 9 of a ziggurat)
289693 | Zig:10   | Entered Level 10 of a ziggurat
289821 | Zig:10   | Identified Witchcraft, Part Five
289843 | Zig:10   | Identified a +9 rod of destruction (9/9) (You found it on level 10 of a ziggurat)
289917 | Zig:11   | Entered Level 11 of a ziggurat
289929 | Zig:11   | Noticed an ancient lich
289931 | Zig:11   | Noticed an ancient lich
289931 | Zig:11   | Noticed an ancient lich
289950 | Zig:11   | Killed an ancient lich
289973 | Zig:11   | HP: 14/301 [yaktaur captain (8)]
289982 | Zig:11   | HP: 10/201 [yaktaur zombie[an ancient lich] (1)]
289986 | Zig:11   | Killed an ancient lich
289989 | Zig:11   | Killed an ancient lich
290301 | Zig:12   | Entered Level 12 of a ziggurat
290313 | Zig:12   | Noticed Ridda the pandemonium lord
290315 | Zig:12   | Noticed Urigaon the pandemonium lord
290319 | Zig:12   | Killed Urigaon the pandemonium lord
290321 | Zig:12   | Noticed Ozodoid the pandemonium lord
290321 | Zig:12   | Noticed Olagael the pandemonium lord
290321 | Zig:12   | Killed Ridda the pandemonium lord
290338 | Zig:12   | Killed Ozodoid the pandemonium lord
290345 | Zig:12   | Killed Olagael the pandemonium lord
290687 | Zig:12   | Identified the Disquisition on Displaced Transmutation
290698 | Zig:12   | Identified the Incunabulum of Flames
290700 | Zig:12   | Got a pitted iron amulet
290716 | Zig:13   | Entered Level 13 of a ziggurat
290975 | Zig:13   | Reached skill level 5 in Long Blades
291011 | Zig:13   | Gained mutation: You have a pair of small antennae on your head. [potion of mutation]
291011 | Zig:13   | Gained mutation: Your muscles are strong. (Str +2) [potion of mutation]
291012 | Zig:13   | Lost mutation: Your vision is a little blurry. [potion of cure mutation]
291012 | Zig:13   | Lost mutation: Your body is slowly deteriorating. [potion of cure mutation]
291012 | Zig:13   | Lost mutation: Your muscles are strong. (Str +2) [potion of cure mutation]
291041 | Zig:13   | Shuffle card: Str 11[11], Int 31[30], Dex 9[9]
291044 | Zig:13   | 4tharraofdagon: are you happy with shuffle
291045 | Zig:13   | Lilouch: yes, very)
291045 | Zig:13   | Lilouch: hope there will be some shuffle in decks i l1
291045 | Zig:13   | Lilouch: in L1*
291073 | Pan      | Identified the amulet of Ybuhalar {Clar rF+ rC+ MR+ Int+3} (You found it on level 12 of a ziggurat)
291074 | Pan      | 4tharraofdagon: 11str sounds horrible
291079 | Pan      | Took an exit into the Abyss.
291079 | Abyss:1  | Escaped into the Abyss
291221 | D:24     | Escaped the Abyss
291942 | Lair:1   | Reached skill level 10 in Air Magic
291956 | Bazaar   | Entered a bazaar
291956 | Bazaar   | Found Xutist's Antique Armour Shop.
291956 | Bazaar   | Found Avaz's Armour Boutique.
291956 | Bazaar   | Found Skeunoo's Antique Weapon Shop.
292032 | Lab      | Entered a labyrinth
292710 | Lair:1   | Gained mutation: Your body is slowly deteriorating. [potion of mutation]
292710 | Lair:1   | Gained mutation: Your body is deteriorating. [potion of mutation]
292710 | Lair:1   | Gained mutation: You are partially covered in slimy green scales (AC +2). [potion of mutation]
293023 | Orc:4    | Bought a plain deck of changes for 455 gold pieces
293031 | Orc:4    | Lost mutation: Your body is deteriorating. [helix card]
293031 | Orc:4    | Gained mutation: Your vision is a little blurry. [helix card]
293463 | Vaults:5 | Bought a plain deck of wonders for 770 gold pieces
293463 | Vaults:5 | Bought a plain deck of wonders for 770 gold pieces
293485 | Vaults:5 | Gained mutation: You are partially covered in rough black scales (AC +4, Dex -1). [helix card]
293486 | Vaults:5 | Lost mutation: Your body is slowly deteriorating. [helix card]
293496 | Vaults:5 | 4tharraofdagon: didnt find shuffle yet
293496 | Vaults:5 | Lilouch: yeah - dont think i can play as mag normal)
294317 | Lair:1   | Identified a +1 rod of striking (7/7) (You found it on level 13 of a ziggurat)
294561 | Lair:1   | Learned a level 9 spell: Fire Storm
294907 | Lair:1   | Learned a level 7 spell: Orb of Destruction
295176 | Lair:1   | Learned a level 7 spell: Summon Hydra
295183 | Lair:1   | Learned a level 6 spell: Freezing Cloud
295748 | Lair:1   | Identified the +0 scale mail of Parlour Games {+Inv} (You found it in Pandemonium)
295794 | Lair:1   | Identified the +0 ring mail "Tho Zat" {rF+ rC+} (You found it on level 7 of Gehenna)
295803 | Lair:1   | Identified the cursed -2 leather armour of Beauty {Int+3} (You found it on level 3 of the Elven Halls)
295907 | Lair:1   | Identified the cursed -4 ring mail "Zuhor" {+Fly rC+ rN+ Str-4 Curse} (You found it on level 3 of the Crypt)
297137 | Pan      | Entered Pandemonium
297252 | Pan      | Reached skill level 1 in Short Blades
297252 | Pan      | Reached skill level 10 in Summonings
297592 | Pan      | Noticed Cozou the pandemonium lord
297615 | Pan      | Killed Cozou the pandemonium lord
298651 | Pan      | Found an exit through the horrors of the Abyss.
298678 | Pan      | Reached skill level 1 in Throwing
298736 | Pan      | Noticed Thruexoh the pandemonium lord
298755 | Pan      | Killed Thruexoh the pandemonium lord
298980 | Pan      | Reached skill level 1 in Necromancy
299595 | Pan      | Gained mutation: Your vision is quite blurry. [a neqoxec]
299664 | Pan      | Noticed Fratef the pandemonium lord
299668 | Pan      | Paralysed by Fratef for 3 turns
299682 | Pan      | Killed Fratef the pandemonium lord
299844 | Pan      | Found an exit through the horrors of the Abyss.
299884 | Pan      | Noticed Pun Trot the pandemonium lord
299898 | Pan      | Killed Pun Trot the pandemonium lord
300235 | Pan      | Gained mutation: You tend to lose your temper in combat. [a cacodemon]
300259 | Pan      | Lost mutation: You are partially covered in slimy green scales (AC +2). [potion of cure mutation]
300259 | Pan      | Lost mutation: Your vision is quite blurry. [potion of cure mutation]
300259 | Pan      | Lost mutation: You tend to lose your temper in combat. [potion of cure mutation]
300259 | Pan      | Lost mutation: You have a pair of small antennae on your head. [potion of cure mutation]
300329 | Pan      | Found an exit through the horrors of the Abyss.
300345 | Pan      | Gained mutation: You are dopey. (Int -2) [a neqoxec]
300519 | Pan      | Gained mutation: Your body is slowly deteriorating. [a neqoxec]
300621 | Pan      | Gained mutation: You evolve. [a neqoxec]
300655 | Pan      | Gained mutation: You are very dopey. (Int -4) [a neqoxec]
300767 | Pan      | Gained mutation: You have a pair of small horns on your head. [a neqoxec]
300782 | Pan      | Noticed Qischoi the pandemonium lord
300791 | Pan      | Killed Qischoi the pandemonium lord
301794 | Pan      | Gained mutation: Your magical capacity is low (-10% MP). [a neqoxec]
301918 | Pan      | Gained mutation: Your body is deteriorating. [a neqoxec]
301926 | Pan      | Gained mutation: Armour fits poorly on your strangely shaped body. [a neqoxec]
301927 | Pan      | Gained mutation: Your body is rapidly deteriorating. [a neqoxec]
301976 | Pan      | Gained mutation: You are frail (-10% HP). [a neqoxec]
302349 | Pan      | Noticed Fude Shra the pandemonium lord
302375 | Pan      | Killed Fude Shra the pandemonium lord
302432 | Pan      | Got an ancient cloak
302673 | Pan      | Gained mutation: You are clumsy. (Dex -2) [a cacodemon]
302675 | Pan      | Gained mutation: Your vision is quite blurry. [a cacodemon]
303184 | Pan      | Gained mutation: You heal slowly. [a neqoxec]
303465 | Pan      | Noticed Igosig the pandemonium lord
303477 | Pan      | Killed Igosig the pandemonium lord
304400 | Pan      | Reached skill level 5 in Short Blades
304651 | Pan      | Gained mutation: Your vision is extremely blurry. [a cacodemon]
304732 | Pan      | Noticed Naxterchy the pandemonium lord
304762 | Pan      | Killed Naxterchy the pandemonium lord
304811 | Pan      | Gained mutation: You digest meat inefficiently. [a neqoxec]
304870 | Pan      | Lost mutation: You are frail (-10% HP). [a cacodemon]
305160 | D:24     | Escaped Pandemonium
305539 | Lair:1   | Identified the cursed -4 cloak "Yhuijyem" {+Rage Dex+2 Dam+4 SInv} (You found it in Pandemonium)
305771 | Lair:1   | Lost mutation: You are very dopey. (Int -4) [evolution]
306475 | Lair:1   | Lost mutation: You digest meat inefficiently. [potion of mutation]
306475 | Lair:1   | Lost mutation: You have a pair of small horns on your head. [potion of mutation]
306602 | Lair:1   | Gained mutation: Your digestive system is specialised to digest meat. [potion of mutation]
306964 | Pan      | Entered Pandemonium
306970 | Pan      | Gained mutation: You are weak. (Str -2) [a neqoxec]
307317 | Pan      | Found a gateway to a ziggurat.
307461 | Pan      | Gained mutation: You occasionally shout uncontrollably. [a neqoxec]
307465 | Pan      | Gained mutation: Your magical capacity is very low (-20% MP). [a neqoxec]
307466 | Pan      | Gained mutation: Your magical capacity is extremely low (-30% MP). [a neqoxec]
307483 | Pan      | Noticed Brufruin the pandemonium lord
307519 | Pan      | Killed Brufruin the pandemonium lord
307971 | Pan      | Noticed Efoggix the pandemonium lord
307992 | Pan      | Killed Efoggix the pandemonium lord
308009 | Pan      | Lost mutation: Your digestive system is specialised to digest meat. [a neqoxec]
308568 | Pan      | Gained mutation: You are very weak. (Str -4) [a neqoxec]
308692 | Pan      | Found an exit through the horrors of the Abyss.
309014 | Pan      | Noticed Cliakk the pandemonium lord
309041 | Pan      | Killed Cliakk the pandemonium lord
309223 | Pan      | Gained mutation: You tend to lose your temper in combat. [a neqoxec]
309269 | D:24     | Escaped Pandemonium
310144 | Zot:1    | Entered Level 1 of the Realm of Zot
312120 | Zot:3    | Noticed an orb of fire
312122 | Zot:3    | Gained mutation: You often lose your temper in combat. [an orb of fire]
312126 | Zot:3    | Gained mutation: Space occasionally distorts in your vicinity. [an orb of fire]
312129 | Zot:3    | Gained mutation: You are very clumsy. (Dex -4) [an orb of fire]
312138 | Zot:3    | Gained mutation: You are frail (-10% HP). [an orb of fire]
312143 | Zot:3    | Gained mutation: You digest meat inefficiently. [an orb of fire]
312147 | Zot:3    | Killed an orb of fire
312161 | Zot:3    | Identified a +0 cloak of preservation (You took it off a draconian annihilator on level 3 of the Realm of Zot)
312167 | Zot:3    | Identified a +1 cloak of preservation (You took it off a green draconian on level 3 of the Realm of Zot)
313524 | Zot:4    | Identified a cursed +4 rod of warding (14/14) (You found it on level 4 of the Realm of Zot)
315857 | Zot:5    | Entered Level 5 of the Realm of Zot
316085 | Zot:5    | Reached skill level 10 in Fire Magic
316265 | Zot:5    | Got a twisted mottled dragon armour
316378 | Zot:5    | Noticed an ancient lich
316379 | Zot:5    | Noticed an orb of fire
316379 | Zot:5    | Noticed an orb of fire
316379 | Zot:5    | Noticed an orb of fire
316550 | Zot:5    | Gained mutation: You are very dopey. (Int -4) [an orb of fire]
316553 | Zot:5    | Gained mutation: You have an uncontrollable temper. [an orb of fire]
316555 | Zot:5    | Noticed an ancient lich
316561 | Zot:5    | Gained mutation: You sometimes yell uncontrollably. [an orb of fire]
316566 | Zot:5    | Killed an orb of fire
316690 | Zot:5    | Noticed an ancient lich
316691 | Zot:5    | Noticed an ancient lich
316691 | Zot:5    | Noticed an orb of fire
316691 | Zot:5    | Gained mutation: You are very frail (-20% HP). [an orb of fire]
316714 | Zot:5    | Killed an ancient lich
316755 | Zot:5    | Killed an ancient lich
317089 | Zot:5    | Gained mutation: You frequently scream uncontrollably. [an orb of fire]
317090 | Zot:5    | Lost mutation: Your vision is extremely blurry. [an orb of fire]
317097 | Zot:5    | Gained mutation: You are extremely frail (-30% HP). [an orb of fire]
317098 | Zot:5    | Killed an orb of fire
317178 | Zot:5    | Killed an ancient lich
317197 | Zot:5    | Gained mutation: Your vision is extremely blurry. [an orb of fire]
317197 | Zot:5    | Lost mutation: Your magical capacity is extremely low (-30% MP). [an orb of fire]
318010 | Lair:1   | Identified the +0 mottled dragon armour of the End {Str+2 Dam+3} (You found it on level 5 of the Realm of Zot)
318142 | Lair:1   | Learned a level 7 spell: Ring of Flames
318151 | Lair:1   | Learned a level 8 spell: Chain Lightning
318427 | D:17     | Lost mutation: Your body is rapidly deteriorating. [evolution]
319284 | Zot:5    | Gained mutation: You digest meat very inefficiently. [an orb of fire]
319286 | Zot:5    | Killed an orb of fire
319407 | Zot:5    | Killed an ancient lich
319443 | Zot:5    | Gained mutation: You are a herbivore. [an orb of fire]
319461 | Zot:5    | Killed an orb of fire
320179 | Pan      | Entered Pandemonium
320207 | Pan      | Noticed Bich the pandemonium lord
320306 | Pan      | Killed Bich the pandemonium lord
320698 | D:24     | Escaped Pandemonium
320706 | Pan      | Entered Pandemonium
320826 | Pan      | rdx: lol whats up with the dex and low hp?
320826 | Pan      | Lilouch: mut\\ uncontrolled
320826 | Pan      | rdx: ouch
320826 | Pan      | Lilouch: )))
320826 | Pan      | Lilouch: and pots...nothing\
320826 | Pan      | Lilouch: trough amulet got evolve
320906 | Pan      | Found an exit through the horrors of the Abyss.
321063 | Pan      | Lilouch: ah, and from beggining...30+ str ...shuffle
321063 | Pan      | Lilouch: random)
321123 | Pan      | Noticed Criusiov the pandemonium lord
321141 | Pan      | Killed Criusiov the pandemonium lord
321198 | D:24     | Escaped Pandemonium
321595 | Pan      | Entered Pandemonium
321608 | Pan      | Gained mutation: Your body is rapidly deteriorating. [a neqoxec]
321697 | Pan      | Noticed Saokuq the pandemonium lord
321709 | Pan      | rdx: i think anti mtutation stuff was more common in older versions, but might be just my mind playign tricks;P
321709 | Pan      | Lilouch: not full immune(
321709 | Pan      | Lilouch: and if you are unlucky-you can get evolve or something like that
321720 | Pan      | rdx: if im unlucky i find no cure mut or amulet of resist for whole game...
321721 | Pan      | Killed Saokuq the pandemonium lord
321722 | Pan      | Lilouch: )))all that i found but...not enough(
321722 | Pan      | Lilouch: now its useless(
322051 | Pan      | Found an exit through the horrors of the Abyss.
322124 | Pan      | Noticed Lyluac the pandemonium lord
322135 | Pan      | Killed Lyluac the pandemonium lord
322135 | Pan      | Reached skill level 15 in Summonings
322684 | Pan      | Noticed Kathreocs the pandemonium lord
322691 | Pan      | Killed Kathreocs the pandemonium lord
322805 | Pan      | Noticed Voriseas the pandemonium lord
322824 | Pan      | Killed Voriseas the pandemonium lord
322879 | Pan      | Gained mutation: Your magical capacity is extremely low (-30% MP). [a neqoxec]
322888 | Pan      | Gained mutation: You heal very slowly. [a neqoxec]
323434 | Pan      | rdx: damn i just derped to boris in snake vault, should wear that amulet of statis lol, i saw him i tried to remove it but pressed wrong button then failed 2 haste charges and tried to melee him with 90 hps, enought o die from point blank ood lol
323435 | Pan      | Lilouch: here is full random\ i was killed by 2 hellfires \ without any res))
323435 | Pan      | Lilouch: when i was not a 27 lvl*
323713 | Pan      | Noticed Smyoxt the pandemonium lord
323738 | Pan      | Killed Smyoxt the pandemonium lord
323745 | Pan      | Gained mutation: You do not heal naturally. [a cacodemon]
323753 | Pan      | rdx: damn 87 dmg with 50% dmg reduction for close range thats hery high roll
323756 | Pan      | Lilouch: ))yeah this game - filled with random "smites")))
323887 | Pan      | Got a heavily runed lapis lazuli ring
323899 | Pan      | Identified the ring "Taub" {-Cast Hunger} (You found it in Pandemonium)
324071 | Pan      | Gained mutation: You cover ground slowly. [a neqoxec]
324130 | Pan      | Gained mutation: You cover ground very slowly. [a neqoxec]
324131 | Pan      | Noticed Uziuc the pandemonium lord
324155 | Pan      | Killed Uziuc the pandemonium lord
324374 | Pan      | Lost mutation: Armour fits poorly on your strangely shaped body. [a neqoxec]
324466 | Pan      | Found an exit through the horrors of the Abyss.
324730 | Pan      | Noticed Copniemi the pandemonium lord
324737 | Pan      | Killed Copniemi the pandemonium lord
325024 | Pan      | Lilouch: do you think i can try that 2 potions?)
325024 | Pan      | Lilouch: i think they cant cure this
325222 | D:24     | Escaped Pandemonium
325683 | D:12     | Lost mutation: You are very weak. (Str -4) [evolution]
326190 | D:24     | rdx: cure mut cure 2-7 mutation i think 5 on average
326190 | D:24     | Lilouch: so...2 potions = on average...10 mits??
326190 | D:24     | Lilouch: lol)
326190 | D:24     | Lilouch: you can count...
326190 | D:24     | rdx: if youa re lucky
326190 | D:24     | Lilouch: 90% of muts has 3 lvl
326190 | D:24     | Lilouch: )))
326190 | D:24     | rdx: something like 3-4 more likely who know how it rolls
326190 | D:24     | Lilouch: but i still evolve\
326190 | D:24     | Lilouch: so there ia no quarantee to stop after curing\
326190 | D:24     | rdx: wow i got evolve once and it went off after 3 mutations
326190 | D:24     | Lilouch: no...i already runining with it around 3 hours))
326190 | D:24     | rdx: thats unlucky i guess
326190 | D:24     | Lilouch: ah and with it i cleared Z5
326190 | D:24     | Lilouch: cause afraid of Pan\
326191 | D:24     | Lilouch: so need cure potions - again in pan( + exp for spells
326191 | D:24     | Lilouch: i hope with gold dragon armour can cast some AOE spells
326192 | Pan      | Entered Pandemonium
326313 | Pan      | Found an exit through the horrors of the Abyss.
326540 | Pan      | Noticed Kleosm the pandemonium lord
326555 | Pan      | Killed Kleosm the pandemonium lord
326605 | Pan      | rdx: gda isnt very spellcasting friendly
326605 | Pan      | Lilouch: even with 27 all?
326605 | Pan      | rdx: not sure
326605 | Pan      | Lilouch: so i exp for trying)
326605 | Pan      | Lilouch: cause in my case...
326605 | Pan      | Lilouch: exp and explore for curing or die\
326605 | Pan      | Lilouch: ))
326605 | Pan      | Lilouch: iam sure that i cant run with orb in my situation
326649 | Pan      | rdx: if youa re doing pan i think you could run with orb, maybe...
326649 | Pan      | rdx: both things are high risk
326649 | Pan      | Lilouch: )thx but i think i cant - in pan i know where i can rest
326649 | Pan      | Lilouch: and in rush to exit-dont
326649 | Pan      | Lilouch: guess i cant rest while run)
326970 | Pan      | Gained mutation: You are very weak. (Str -4) [a neqoxec]
326975 | Pan      | Noticed Zual the pandemonium lord
327017 | Pan      | Lost mutation: You are very dopey. (Int -4) [a neqoxec]
327025 | Pan      | Killed Zual the pandemonium lord
327246 | Pan      | rdx: i think zin can clear all mutations once per game
327246 | Pan      | rdx: jiyva remvoes bad mutations too...
327246 | Pan      | Lilouch: and what after that?\ better to run with TSO
327246 | Pan      | Lilouch: dont think so?
327246 | Pan      | Lilouch: ah jiuva\
327246 | Pan      | Lilouch: i already kill Jelly
327246 | Pan      | Lilouch: )
327269 | Pan      | rdx: i think you can switch from tso to zin and back w/o retribution
327270 | Pan      | Lilouch: i can save all my piety?
327270 | Pan      | rdx: nope
327270 | Pan      | Lilouch: hm but i can gain piety with TSO very fast in Pan again
327270 | Pan      | Lilouch: zin 100% can cure all that shit?)
327298 | Pan      | rdx: thats what wiki says, never played with zin
327299 | Pan      | Lilouch: me too\
327303 | Pan      | rdx: its says cure all (good and bad)_ mutaiotns once per gaem at max piety
327303 | Pan      | Lilouch: hm sounds not bad- his piety i can gain also agains devils?
327303 | Pan      | Lilouch: when kill demons\devils*
327419 | Pan      | rdx: i think msotly monsters that have mutating attacks or are mutated themselves
327419 | Pan      | rdx: not all demons
327420 | Pan      | rdx: http://crawl.chaosforge.org/Chaotic
327420 | Pan      | rdx: but you might want to ask some more experienced player too since i consider myself crwal noob;P
327420 | Pan      | Lilouch: waaa no no - that list of monsters...
327420 | Pan      | Lilouch: its too small(
327420 | Pan      | Lilouch: only abominations
327420 | Pan      | Lilouch: in abyss but...
327420 | Pan      | Lilouch: i can die with such muts there
327441 | Pan      | Gained mutation: You are very dopey. (Int -4) [a neqoxec]
327442 | Pan      | Gained mutation: You cover ground extremely slowly. [a neqoxec]
327467 | Pan      | Lilouch: uncontrolled tele and bers...sure i can die there)
327467 | Pan      | Lilouch: ah and that stars...
328039 | Pan      | Noticed Tiets the pandemonium lord
328072 | Pan      | Killed Tiets the pandemonium lord
328084 | D:24     | Escaped Pandemonium
328085 | D:24     | Lilouch: to tired, sry, guess that was last boss, lets continue tommorow)))swear - ill do all fo living)))
328085 | D:24     | Lilouch: gl, see you later
328112 | Pan      | Entered Pandemonium
328322 | Pan      | Paralysed by a giant eyeball for 3 turns
328586 | Pan      | Noticed Oxorph the pandemonium lord
328676 | Pan      | Paralysed by a giant eyeball for 4 turns
328685 | Pan      | Killed Oxorph the pandemonium lord
328686 | Pan      | Paralysed by a giant eyeball for 4 turns
328800 | Pan      | Found an exit through the horrors of the Abyss.
328935 | Pan      | Gained mutation: Armour fits poorly on your strangely shaped body. [a neqoxec]
329217 | Pan      | Noticed Buziuz the pandemonium lord
329239 | Pan      | Killed Buziuz the pandemonium lord
329992 | Pan      | Found an exit through the horrors of the Abyss.
330208 | Pan      | Noticed Zausm the pandemonium lord
330220 | Pan      | Killed Zausm the pandemonium lord
330390 | Pan      | Noticed Icsiz the pandemonium lord
330405 | Pan      | Cast into the Abyss (Icsiz)
330455 | Pan      | Escaped the Abyss
330484 | Pan      | Killed Icsiz the pandemonium lord
330679 | Pan      | Reached skill level 15 in Fire Magic
330984 | Pan      | Lost mutation: You have an uncontrollable temper. [a neqoxec]
330998 | Pan      | Noticed Sukeni the pandemonium lord
330999 | Pan      | Killed Sukeni the pandemonium lord
331043 | Pan      | Gained mutation: You have an uncontrollable temper. [a neqoxec]
331370 | Pan      | Noticed Xuqutt the pandemonium lord
331387 | Pan      | Killed Xuqutt the pandemonium lord
331453 | Pan      | Gained mutation: Space sometimes distorts in your vicinity. [a neqoxec]
331542 | Pan      | Found an exit through the horrors of the Abyss.
331573 | Pan      | Gained mutation: Space frequently distorts in your vicinity. [a neqoxec]
332512 | Pan      | Noticed Thu Wais the pandemonium lord
332536 | Pan      | Killed Thu Wais the pandemonium lord
332706 | Pan      | Identified a +0 rod of inaccuracy (12/12) (You found it in Pandemonium)
332871 | Pan      | Noticed Axiomueq the pandemonium lord
332883 | Pan      | Killed Axiomueq the pandemonium lord
333425 | Pan      | Noticed Khaichoe the pandemonium lord
333437 | Pan      | Killed Khaichoe the pandemonium lord
333441 | Pan      | Lost mutation: You frequently scream uncontrollably. [a cacodemon]
333458 | Pan      | Gained mutation: You frequently scream uncontrollably. [a cacodemon]
333735 | D:24     | Escaped Pandemonium
334199 | Lair:1   | Lost dexterity.
334245 | Lair:1   | Cast into the Abyss (drawing a card)
334347 | Abyss:1  | Found a roughly hewn altar of Beogh.
334355 | Lair:1   | Escaped the Abyss
334535 | Lair:1   | Lilouch: 2 or 3 days already with this shit\
334550 | Lair:1   | Learned a level 7 spell: Controlled Blink
334557 | Lair:1   | Lost mutation: You have an uncontrollable temper. [potion of cure mutation]
334557 | Lair:1   | Lost mutation: You are a herbivore. [potion of cure mutation]
334557 | Lair:1   | Lost mutation: Your magical capacity is extremely low (-30% MP). [potion of cure mutation]
334557 | Lair:1   | Lost mutation: Your vision is extremely blurry. [potion of cure mutation]
334557 | Lair:1   | Lost mutation: You cover ground extremely slowly. [potion of cure mutation]
334564 | Lair:1   | Lost mutation: Your body is rapidly deteriorating. [potion of cure mutation]
334564 | Lair:1   | Lost mutation: You frequently scream uncontrollably. [potion of cure mutation]
334564 | Lair:1   | Lost mutation: Your vision is quite blurry. [potion of cure mutation]
334564 | Lair:1   | Lost mutation: You are very dopey. (Int -4) [potion of cure mutation]
334565 | Lair:1   | Gained mutation: You have claws for feet. [potion of beneficial mutation]
334634 | Lair:1   | Lilouch: hope i wont die when i'll run with orb...
335528 | Zot:5    | namnaref: hi there!
335528 | Zot:5    | namnaref: did you decide to win?
335528 | Zot:5    | Lilouch: yo)
335528 | Zot:5    | Lilouch: suddenly, cause mate said that with my situation i already dead(
335528 | Zot:5    | Lilouch: look
335528 | Zot:5    | namnaref: ouch
335528 | Zot:5    | Lilouch: yeah
335528 | Zot:5    | Lilouch: and this is after 2 cure mut and 1 bnefis - nothing better\
335528 | Zot:5    | namnaref: wow
335528 | Zot:5    | namnaref: hmm
335528 | Zot:5    | Lilouch: and i ctill evolve! crap(
335528 | Zot:5    | Lilouch: still*
335528 | Zot:5    | namnaref: well I admit that in my win I didnt find many enemies
335528 | Zot:5    | Lilouch: ok lets start this...dont know how to discribe it)
335528 | Zot:5    | namnaref: wait
335528 | Zot:5    | namnaref: you have apportation?
335528 | Zot:5    | Lilouch: ?
335528 | Zot:5    | Lilouch: yes
335528 | Zot:5    | Lilouch: ok i see
335530 | Zot:5    | namnaref: dont get the orb make it nearer to the stairs :)
335530 | Zot:5    | namnaref: 1 square at a time
335531 | Zot:5    | namnaref: do you have plenty of digs?
335532 | Zot:5    | Lilouch: 22 - enough?
335532 | Zot:5    | namnaref: yeah ah ha :)
335532 | Zot:5    | Lilouch: can make more- but...
335532 | Zot:5    | Lilouch: i havnt got regen hp at all
335532 | Zot:5    | namnaref: more than enough I believe
335532 | Zot:5    | namnaref: and you are quite slowsly
335532 | Zot:5    | Lilouch: hope on hate and swift
335538 | Zot:5    | Got the Orb of Zot
335551 | Zot:5    | namnaref: drop things
335552 | Zot:5    | namnaref: you are heavy
335577 | Zot:5    | Noticed Pokots the pandemonium lord
335640 | Zot:4    | namnaref: dagger
335641 | Zot:4    | Lilouch: its better for escape
335657 | Zot:3    | namnaref: true
335657 | Zot:3    | Lilouch: i have 3 tele
335657 | Zot:3    | Lilouch: ring dagger and passive
335657 | Zot:3    | Lilouch: passive 1st lvl*
335657 | Zot:3    | Lilouch: 3rd lvl)
335754 | Zot:2    | Noticed Momaj the pandemonium lord
335754 | Zot:2    | namnaref: so you teleport each step without statis :)
335754 | Zot:2    | Lilouch: i can tele now-why not?
335804 | Zot:2    | Noticed Qyosac the pandemonium lord
335804 | Zot:2    | Noticed an ancient lich
336135 | D:18     | Noticed Feufub the pandemonium lord
336216 | D:15     | Noticed Ibich the pandemonium lord
336325 | D:12     | Gained mutation: You frequently scream uncontrollably. [a neqoxec]
336335 | D:12     | Noticed Iplegakh the pandemonium lord
336607 | D:5      | Noticed Fipuiv the pandemonium lord
336632 | D:4      | Killed Fipuiv the pandemonium lord
336690 | D:2      | Lilouch: lol i expect more ...
336699 | D:2      | namnaref: almost...
336745 | D:1      | namnaref: gj!
336746 | D:$      | Escaped with the Orb!

Action                   |  1- 3 |  4- 6 |  7- 9 | 10-12 | 13-15 | 16-18 | 19-21 | 22-24 | 25-27 || total
-------------------------+-------+-------+-------+-------+-------+-------+-------+-------+-------++-------
Melee: Mace              |    93 |    57 |       |       |       |       |       |       |       ||   150
       Whip              |       |   110 |   447 |  1462 |  3277 |  3615 |   979 |       |       ||  9890
       Flail             |       |    14 |       |       |       |       |       |       |       ||    14
       Dagger            |       |       |       |    12 |       |    63 |       |       |    27 ||   102
       Unarmed           |       |       |       |     6 |       |    15 |       |       |   239 ||   260
       Morningstar       |       |       |       |       |       |       |  1547 |  2602 |  2583 ||  6732
       Rod               |       |       |       |       |       |       |       |    23 |   290 ||   313
       Eveningstar       |       |       |       |       |       |       |       |       | 20769 || 20769
Throw: Dart              |       |       |       |       |     3 |     1 |       |       |     1 ||     5
       Spear             |       |       |       |       |       |     3 |       |       |       ||     3
       Javelin           |       |       |       |       |       |     2 |       |       |       ||     2
 Cast: Control Teleport  |       |       |       |       |       |       |       |       |   399 ||   399
       Orb of Destructio |       |       |       |       |       |       |       |       |    73 ||    73
       Chain Lightning   |       |       |       |       |       |       |       |       |    63 ||    63
       Bolt of Magma     |       |       |       |       |       |       |       |       |    31 ||    31
       Freezing Cloud    |       |       |       |       |       |       |       |       |    26 ||    26
       Phase Shift       |       |       |       |       |       |       |       |       |    15 ||    15
       Swiftness         |       |       |       |       |       |       |       |       |    14 ||    14
       Ring of Flames    |       |       |       |       |       |       |       |       |    13 ||    13
       Summon Ice Beast  |       |       |       |       |       |       |       |       |    10 ||    10
       Apportation       |       |       |       |       |       |       |       |       |     6 ||     6
       Summon Hydra      |       |       |       |       |       |       |       |       |     5 ||     5
       Stoneskin         |       |       |       |       |       |       |       |       |     5 ||     5
       Teleport Other    |       |       |       |       |       |       |       |       |     4 ||     4
       Blink             |       |       |       |       |       |       |       |       |     3 ||     3
       Deflect Missiles  |       |       |       |       |       |       |       |       |     3 ||     3
       Song of Slaying   |       |       |       |       |       |       |       |       |     2 ||     2
       Shroud of Golubri |       |       |       |       |       |       |       |       |     2 ||     2
       Condensation Shie |       |       |       |       |       |       |       |       |     2 ||     2
       Dispersal         |       |       |       |       |       |       |       |       |     2 ||     2
       Cause Fear        |       |       |       |       |       |       |       |       |     1 ||     1
Invok: Heroism           |       |       |       |     3 |     4 |     8 |     4 |     1 |     3 ||    23
       Finesse           |       |       |       |     1 |     2 |    16 |     6 |     3 |     3 ||    31
       Divine Shield     |       |       |       |       |       |       |       |       |    64 ||    64
       Summon Divine War |       |       |       |       |       |       |       |       |    63 ||    63
       Cleansing Flame   |       |       |       |       |       |       |       |       |    28 ||    28
 Abil: Evoke Berserk Rag |       |       |       |    10 |    14 |    24 |    17 |    17 |    81 ||   163
       Fly               |       |       |       |       |     1 |       |       |       |       ||     1
       Evoke Invisibilit |       |       |       |       |       |       |       |    14 |     5 ||    19
       Evoke Blink       |       |       |       |       |       |       |       |     2 |    13 ||    15
       Blink             |       |       |       |       |       |       |       |     2 |       ||     2
       Evoke Teleport Co |       |       |       |       |       |       |       |       |     6 ||     6
Evoke: Wand              |       |       |       |     7 |     6 |    31 |    16 |     5 |   165 ||   230
       Miscellaneous     |       |       |       |     1 |       |       |     1 |       |   274 ||   276
       Rod               |       |       |       |       |       |       |       |    35 |   123 ||   158
       Deck              |       |       |       |       |       |       |       |       |   279 ||   279
  Use: Scroll            |       |       |     8 |    15 |    14 |    22 |    11 |    16 |   302 ||   388
       Potion            |       |       |       |     7 |     5 |    10 |     2 |     1 |   116 ||   141
 Stab: Fleeing           |       |       |       |       |       |     1 |       |     1 |     4 ||     6
       Invisible         |       |       |       |       |       |       |       |    22 |    11 ||    33
       Distracted        |       |       |       |       |       |       |       |       |    30 ||    30
       Confused          |       |       |       |       |       |       |       |       |     1 ||     1
       Held in net/web   |       |       |       |       |       |       |       |       |     1 ||     1
